Workbook

Sheet Aggregation
A1: Exhibit VI
A2: FORM 1 OF THE NEW MEXICO TITLE INSURANCE UNDERWRITERS STATISTICAL REPORT
A3: Aggregated for all Underwriters
A4: For the Year Ended December 31, 2021
D6: Non-Affiliated | E6: Affiliated
C7: Direct | D7: Agency | E7: Agency
C8: Operations | D8: Operations | E8: Operations | F8: Total
A9: Part A: Revenue
A10: 1. | B10: Direct premiums written | C10: =ROUND(SUM('Agents National Title:WFG National Title Insurance Co'!C19),0) -> 33815119 | D10: =ROUND(SUM('Agents National Title:WFG National Title Insurance Co'!D19),0) -> 79837351 | E10: =ROUND(SUM('Agents National Title:WFG National Title Insurance Co'!E19),0) -> 53601084 | F10: =SUM(C10:E10) -> 167253554
A11: 2. | B11: Direct premiums written that are retained by agent | C11: =ROUND(SUM('Agents National Title:WFG National Title Insurance Co'!C20),0) -> 25960191 | D11: =ROUND(SUM('Agents National Title:WFG National Title Insurance Co'!D20),0) -> 61108924 | E11: =ROUND(SUM('Agents National Title:WFG National Title Insurance Co'!E20),0) -> 42569821 | F11: =SUM(C11:E11) -> 129638936
A12: 3. | B12: Direct premiums written that are remitted to underwriter | C12: =C10-C11 -> 7854928 | D12: =D10-D11 -> 18728427 | E12: =E10-E11 -> 11031263 | F12: =F10-F11 -> 37614618
A13: 4. | B13: Escrow and settlement service charges | C13: =ROUND(SUM('Agents National Title:WFG National Title Insurance Co'!C22),0) -> 158407 | D13: =ROUND(SUM('Agents National Title:WFG National Title Insurance Co'!D22),0) -> 52485 | E13: =ROUND(SUM('Agents National Title:WFG National Title Insurance Co'!E22),0) -> 0 | F13: =SUM(C13:E13) -> 210892
A14: 5. | B14: Other title fees and service charges | C14: =ROUND(SUM('Agents National Title:WFG National Title Insurance Co'!C23),0) -> 633747 | D14: =ROUND(SUM('Agents National Title:WFG National Title Insurance Co'!D23),0) -> -8201 | E14: =ROUND(SUM('Agents National Title:WFG National Title Insurance Co'!E23),0) -> 25794 | F14: =SUM(C14:E14) -> 651340
A15: 6. | B15: Total Other Income | C15: =SUM(C13:C14) -> 792154 | D15: =SUM(D13:D14) -> 44284 | E15: =SUM(E13:E14) -> 25794 | F15: =SUM(C15:E15) -> 862232
A16: 7. | B16: Total Revenue | C16: =C12+C15 -> 8647082 | D16: =D12+D15 -> 18772711 | E16: =E12+E15 -> 11057057 | F16: =SUM(C16:E16) -> 38476850
A18: For underwriters that charge rates below the promulgated rates:
A19: 8. | B19: Direct premiums as if they had been written at promulgated rates | C19: =ROUND(SUM('Alamo Title Insurance Co:WFG National Title Insurance Co'!C28),0) -> 0 | D19: =ROUND(SUM('Alamo Title Insurance Co:WFG National Title Insurance Co'!D28),0) -> 0 | E19: =ROUND(SUM('Alamo Title Insurance Co:WFG National Title Insurance Co'!E28),0) -> 0 | F19: =SUM(C19:E19) -> 0
A21: Part B: Corporate Expenses
A23: 1. | B23: Losses and loss adjustment expenses incurred | C23: =ROUND(SUM('Agents National Title:WFG National Title Insurance Co'!C37),0) -> 41029 | D23: =ROUND(SUM('Agents National Title:WFG National Title Insurance Co'!D37),0) -> 2020323 | E23: =ROUND(SUM('Agents National Title:WFG National Title Insurance Co'!E37),0) -> 1083959 | F23: =SUM(C23:E23)+0.4 -> 3145311.4
A24: 2. | B24: Total personnel costs | C24: =ROUND(SUM('Agents National Title:WFG National Title Insurance Co'!C38),0) -> 494662 | D24: =ROUND(SUM('Agents National Title:WFG National Title Insurance Co'!D38),0) -> 2912453 | E24: =ROUND(SUM('Agents National Title:WFG National Title Insurance Co'!E38),0) -> 791597 | F24: =SUM(C24:E24)+0.4 -> 4198712.4
A25: 3. | B25: Total production services purchased outside | C25: =ROUND(SUM('Agents National Title:WFG National Title Insurance Co'!C39),0) -> 248909 | D25: =ROUND(SUM('Agents National Title:WFG National Title Insurance Co'!D39),0) -> 278131 | E25: =ROUND(SUM('Agents National Title:WFG National Title Insurance Co'!E39),0) -> 4774 | F25: =SUM(C25:E25) -> 531814
A26: 4. | B26: Advertising | C26: =ROUND(SUM('Agents National Title:WFG National Title Insurance Co'!C40),0) -> 1565 | D26: =ROUND(SUM('Agents National Title:WFG National Title Insurance Co'!D40),0) -> 24328 | E26: =ROUND(SUM('Agents National Title:WFG National Title Insurance Co'!E40),0) -> 2041 | F26: =SUM(C26:E26) -> 27934
A27: 5. | B27: Boards, bureaus and associations | C27: =ROUND(SUM('Agents National Title:WFG National Title Insurance Co'!C41),0) -> 1015 | D27: =ROUND(SUM('Agents National Title:WFG National Title Insurance Co'!D41),0) -> 48519 | E27: =ROUND(SUM('Agents National Title:WFG National Title Insurance Co'!E41),0) -> 3264 | F27: =SUM(C27:E27) -> 52798
A28: 6. | B28: Title plant rent and maintenance | C28: =ROUND(SUM('Agents National Title:WFG National Title Insurance Co'!C42),0) -> 10337 | D28: =ROUND(SUM('Agents National Title:WFG National Title Insurance Co'!D42),0) -> 29359 | E28: =ROUND(SUM('Agents National Title:WFG National Title Insurance Co'!E42),0) -> 1751 | F28: =SUM(C28:E28) -> 41447
A29: 7. | B29: Claim adjustment services | C29: =ROUND(SUM('Agents National Title:WFG National Title Insurance Co'!C43),0) -> 0 | D29: =ROUND(SUM('Agents National Title:WFG National Title Insurance Co'!D43),0) -> 0 | E29: =ROUND(SUM('Agents National Title:WFG National Title Insurance Co'!E43),0) -> 0 | F29: =SUM(C29:E29) -> 0
A30: 8. | B30: Amounts charged off, net of recoveries | C30: =ROUND(SUM('Agents National Title:WFG National Title Insurance Co'!C44),0) -> 896 | D30: =ROUND(SUM('Agents National Title:WFG National Title Insurance Co'!D44),0) -> 157271 | E30: =ROUND(SUM('Agents National Title:WFG National Title Insurance Co'!E44),0) -> -59 | F30: =SUM(C30:E30) -> 158108
A31: 9. | B31: Marketing and promotional expenses | C31: =ROUND(SUM('Agents National Title:WFG National Title Insurance Co'!C45),0) -> 3145 | D31: =ROUND(SUM('Agents National Title:WFG National Title Insurance Co'!D45),0) -> 36410 | E31: =ROUND(SUM('Agents National Title:WFG National Title Insurance Co'!E45),0) -> 4123 | F31: =SUM(C31:E31) -> 43678
A32: 10. | B32: Insurance | C32: =ROUND(SUM('Agents National Title:WFG National Title Insurance Co'!C46),0) -> 2515 | D32: =ROUND(SUM('Agents National Title:WFG National Title Insurance Co'!D46),0) -> 38061 | E32: =ROUND(SUM('Agents National Title:WFG National Title Insurance Co'!E46),0) -> 5927 | F32: =SUM(C32:E32) -> 46503
A33: 11. | B33: Directors' fees | C33: =ROUND(SUM('Agents National Title:WFG National Title Insurance Co'!C47),0) -> 0 | D33: =ROUND(SUM('Agents National Title:WFG National Title Insurance Co'!D47),0) -> 181 | E33: =ROUND(SUM('Agents National Title:WFG National Title Insurance Co'!E47),0) -> 0 | F33: =SUM(C33:E33) -> 181
A34: 12. | B34: Travel and travel items | C34: =ROUND(SUM('Agents National Title:WFG National Title Insurance Co'!C48),0) -> 5533 | D34: =ROUND(SUM('Agents National Title:WFG National Title Insurance Co'!D48),0) -> 74469 | E34: =ROUND(SUM('Agents National Title:WFG National Title Insurance Co'!E48),0) -> 9548 | F34: =SUM(C34:E34) -> 89550
A35: 13. | B35: Rent and rent items | C35: =ROUND(SUM('Agents National Title:WFG National Title Insurance Co'!C49),0) -> 18050 | D35: =ROUND(SUM('Agents National Title:WFG National Title Insurance Co'!D49),0) -> 202170 | E35: =ROUND(SUM('Agents National Title:WFG National Title Insurance Co'!E49),0) -> 26957 | F35: =SUM(C35:E35) -> 247177
A36: 14. | B36: Equipment | C36: =ROUND(SUM('Agents National Title:WFG National Title Insurance Co'!C50),0) -> 1914 | D36: =ROUND(SUM('Agents National Title:WFG National Title Insurance Co'!D50),0) -> 16078 | E36: =ROUND(SUM('Agents National Title:WFG National Title Insurance Co'!E50),0) -> 3926 | F36: =SUM(C36:E36) -> 21918
... A43: 21. | B43: Real estate taxes | C43: =ROUND(SUM('Agents National Title:WFG National Title Insurance Co'!C57),0) -> 0 | D43: =ROUND(SUM('Agents National Title:WFG National Title Insurance Co'!D57),0) -> 0 | E43: =ROUND(SUM('Agents National Title:WFG National Title Insurance Co'!E57),0) -> 0 | F43: =SUM(C43:E43) -> 0
A44: 22. | B44: Aggregate write-ins for miscellaneous expenses | C44: =ROUND(SUM('Agents National Title:WFG National Title Insurance Co'!C58),0) -> 3691 | D44: =ROUND(SUM('Agents National Title:WFG National Title Insurance Co'!D58),0) -> 1262373 | E44: =ROUND(SUM('Agents National Title:WFG National Title Insurance Co'!E58),0) -> 7339 | F44: =SUM(C44:E44)-0.4 -> 1273402.6
A45: 23. | B45: Total Corporate Expenses | C45: =SUM(C23:C44) -> 1478683 | D45: =SUM(D23:D44) -> 10678812 | E45: =SUM(E23:E44) -> 4372705 | F45: =SUM(F23:F44) -> 16530200
A47: Part C: Net Income
A48: 1. | B48: Income (Loss) | C48: =C16-C45 -> 7168399 | D48: =D16-D45 -> 8093899 | E48: =E16-E45 -> 6684352 | F48: =F16-F45 -> 21946650

Sheet Agents National Title
A1: NEW MEXICO TITLE INSURANCE UNDERWRITERS STATISTICAL REPORT
A2: FORM 1: STATEMENT OF INCOME AND EXPENSES
A3: For Calendar Year Ending December 31, 2021
A4: NEW MEXICO EXPERIENCE ONLY
B5: Insurance Company: | C5: Agents National Title Insurance Company
B6: NAIC Code: | C6: 12522
D8: Yes | E8: No
C9: Do you have direct operations or affiliated agencies in New Mexico? | D9: X
C11: If you DO have direct operations or affiliated agencies in New Mexico,
B12: are the expenses that are reported by those direct operations or affiliated agencies on their Agent Statistical Reports also included on Part B below? | D12: Yes | E12: No
D13: X
H14: Total Other | I14: NAIC
D15: Non-Affiliated | E15: Affiliated | H15: Income From | I15: Annual
C16: Direct | D16: Agency | E16: Agency | H16: Direct | I16: Statement
C17: Operations | D17: Operations | E17: Operations | F17: Total | H17: Operation ASR | I17: Schedule T | J17: Difference
A18: Part A: Revenue
A19: 1. | B19: Direct premiums written | C19: 0 | D19: 0 | E19: =815875-12586 -> 803289 | F19: =SUM(C19:E19) -> 803289 | I19: 815875 | J19: =F19-I19 -> -12586
A20: 2. | B20: Direct premiums written that are retained by agent | C20: 0 | D20: 0 | E20: 661522 | F20: =SUM(C20:E20) -> 661522
A21: 3. | B21: Direct premiums written that are remitted to underwriter | C21: =C19-C20 -> 0 | D21: =D19-D20 -> 0 | E21: =E19-E20 -> 141767 | F21: =SUM(C21:E21) -> 141767
A22: 4. | B22: Escrow and settlement service charges | C22: 0 | D22: 0 | E22: 0 | F22: =SUM(C22:E22) -> 0
A23: 5. | B23: Other title fees and service charges | C23: 0 | D23: 0 | E23: 25794 | F23: =SUM(C23:E23) -> 25794
A24: 6. | B24: Total Other Income | C24: =C22+C23 -> 0 | D24: =D22+D23 -> 0 | E24: =E22+E23 -> 25794 | F24: =SUM(C24:E24) -> 25794 | H24: 0 | I24: 25794 | J24: =F24+H24-I24 -> 0
A25: 7. | B25: Total Revenue | C25: =C21+C24 -> 0 | D25: =D21+D24 -> 0 | E25: =E21+E24 -> 167561 | F25: =SUM(C25:E25) -> 167561
A27: For underwriters that charge rates below the promulgated rates: | I27: From Form 3 | J27: Difference
A28: 8. | B28: Direct premiums as if they had been written at promulgated rates | C28: 0 | D28: 0 | E28: 0 | F28: =SUM(C28:E28) -> 0 | I28: 0 | J28: =F28-I28 -> 0
A30: Part B: Corporate Expenses
A32: Line 1 as defined per NAIC Annual Statement, STATEMENT OF INCOME Exhibit.
A33: Lines 2 through 22 as defined per NAIC Annual Statement, EXPENSES Exhibit.
A35: All entries should show NEW MEXICO expenses only and should NOT show any expenses reported by a direct or affiliated operation on their Agent Statistical Reports.
A37: 1. | B37: Losses and loss adjustment expenses incurred | C37: 0 | D37: 0 | F37: =SUM(C37:E37) -> 0
A38: 2. | B38: Total personnel costs | C38: 0 | D38: 0 | E38: 11013 | F38: =SUM(C38:E38) -> 11013
A39: 3. | B39: Total production services purchased outside | C39: 0 | D39: 0 | F39: =SUM(C39:E39) -> 0
A40: 4. | B40: Advertising | C40: 0 | D40: 0 | F40: =SUM(C40:E40) -> 0
A41: 5. | B41: Boards, bureaus and associations | C41: 0 | D41: 0 | E41: 1170 | F41: =SUM(C41:E41) -> 1170
A42: 6. | B42: Title plant rent and maintenance | C42: 0 | D42: 0 | F42: =SUM(C42:E42) -> 0
A43: 7. | B43: Claim adjustment services | C43: 0 | D43: 0 | F43: =SUM(C43:E43) -> 0
A44: 8. | B44: Amounts charged off, net of recoveries | C44: 0 | D44: 0 | F44: =SUM(C44:E44) -> 0
A45: 9. | B45: Marketing and promotional expenses | C45: 0 | D45: 0 | F45: =SUM(C45:E45) -> 0
A46: 10. | B46: Insurance | C46: 0 | D46: 0 | F46: =SUM(C46:E46) -> 0
A47: 11. | B47: Directors' fees | C47: 0 | D47: 0 | F47: =SUM(C47:E47) -> 0
A48: 12. | B48: Travel and travel items | C48: 0 | D48: 0 | F48: =SUM(C48:E48) -> 0
A49: 13. | B49: Rent and rent items | C49: 0 | D49: 0 | F49: =SUM(C49:E49) -> 0
A50: 14. | B50: Equipment | C50: 0 | D50: 0 | F50: =SUM(C50:E50) -> 0
A51: 15. | B51: Cost or depreciation of EDP equipment and software | C51: 0 | D51: 0 | E51: 2084 | F51: =SUM(C51:E51) -> 2084
A52: 16. | B52: Printing, stationery, books and periodicals | C52: 0 | D52: 0 | F52: =SUM(C52:E52) -> 0
A53: 17. | B53: Postage, telephone, messenger and express | C53: 0 | D53: 0 | F53: =SUM(C53:E53) -> 0
A54: 18. | B54: Legal and auditing | C54: 0 | D54: 0 | F54: =SUM(C54:E54) -> 0
A55: 19. | B55: Total taxes, licenses and fees | C55: 0 | D55: 0 | E55: 27618 | F55: =SUM(C55:E55) -> 27618
A56: 20. | B56: Real estate expenses | C56: 0 | D56: 0 | F56: =SUM(C56:E56) -> 0
A57: 21. | B57: Real estate taxes | C57: 0 | D57: 0 | F57: =SUM(C57:E57) -> 0
A58: 22. | B58: Aggregate write-ins for miscellaneous expenses | C58: 0 | D58: 0 | E58: 44993 | F58: =SUM(C58:E58) -> 44993
A59: 23. | B59: Total Corporate Expenses | C59: =SUM(C37:C58) -> 0 | D59: =SUM(D37:D58) -> 0 | E59: =SUM(E37:E58) -> 86878 | F59: =SUM(F37:F58) -> 86878
A61: Part C: Net Income
A62: 1. | B62: Income (Loss) | C62: =C25-C59 -> 0 | D62: =D25-D59 -> 0 | E62: =E25-E59 -> 80683 | F62: =SUM(C62:E62) -> 80683

Sheet Alamo Title Insurance Co
A1: NEW MEXICO TITLE INSURANCE UNDERWRITERS STATISTICAL REPORT
A2: FORM 1: STATEMENT OF INCOME AND EXPENSES
A3: For Calendar Year Ending December 31, 2021
A4: NEW MEXICO EXPERIENCE ONLY
B5: Insurance Company: | C5: Alamo Title Insurance
B6: NAIC Code: | C6: 50598
D8: Yes | E8: No
C9: Do you have direct operations or affiliated agencies in New Mexico? | E9: X
C11: If you DO have direct operations or affiliated agencies in New Mexico,
B12: are the expenses that are reported by those direct operations or affiliated agencies on their Agent Statistical Reports also included on Part B below? | D12: Yes | E12: No
H14: Total Other | I14: NAIC
D15: Non-Affiliated | E15: Affiliated | H15: Income From | I15: Annual
C16: Direct | D16: Agency | E16: Agency | H16: Direct | I16: Statement
C17: Operations | D17: Operations | E17: Operations | F17: Total | H17: Operation ASR | I17: Schedule T | J17: Difference
A18: Part A: Revenue
A19: 1. | B19: Direct premiums written | C19: 0 | D19: 0 | E19: 0 | F19: =SUM(C19:E19) -> 0 | I19: 0 | J19: =F19-I19 -> 0
A20: 2. | B20: Direct premiums written that are retained by agent | C20: 0 | D20: 0 | E20: 0 | F20: =SUM(C20:E20) -> 0
A21: 3. | B21: Direct premiums written that are remitted to underwriter | C21: =C19-C20 -> 0 | D21: =D19-D20 -> 0 | E21: =E19-E20 -> 0 | F21: =SUM(C21:E21) -> 0
A22: 4. | B22: Escrow and settlement service charges | C22: 0 | D22: 0 | E22: 0 | F22: =SUM(C22:E22) -> 0
A23: 5. | B23: Other title fees and service charges | C23: 0 | D23: 0 | E23: 0 | F23: =SUM(C23:E23) -> 0
A24: 6. | B24: Total Other Income | C24: =C22+C23 -> 0 | D24: =D22+D23 -> 0 | E24: =E22+E23 -> 0 | F24: =SUM(C24:E24) -> 0 | H24: 0 | I24: 0 | J24: =F24+H24-I24 -> 0
A25: 7. | B25: Total Revenue | C25: =C21+C24 -> 0 | D25: =D21+D24 -> 0 | E25: =E21+E24 -> 0 | F25: =SUM(C25:E25) -> 0
A27: For underwriters that charge rates below the promulgated rates: | I27: From Form 3 | J27: Difference
A28: 8. | B28: Direct premiums as if they had been written at promulgated rates | C28: 0 | D28: 0 | E28: 0 | F28: =SUM(C28:E28) -> 0 | I28: 0 | J28: =F28-I28 -> 0
A30: Part B: Corporate Expenses
A32: Line 1 as defined per NAIC Annual Statement, STATEMENT OF INCOME Exhibit.
A33: Lines 2 through 22 as defined per NAIC Annual Statement, EXPENSES Exhibit.
A35: All entries should show NEW MEXICO expenses only and should NOT show any expenses reported by a direct or affiliated operation on their Agent Statistical Reports.
A37: 1. | B37: Losses and loss adjustment expenses incurred | C37: 0 | D37: 50401 | E37: 0 | F37: =SUM(C37:E37) -> 50401
A38: 2. | B38: Total personnel costs | C38: 0 | D38: 0 | E38: 0 | F38: =SUM(C38:E38) -> 0
A39: 3. | B39: Total production services purchased outside | C39: 0 | D39: 0 | E39: 0 | F39: =SUM(C39:E39) -> 0
A40: 4. | B40: Advertising | C40: 0 | D40: 0 | E40: 0 | F40: =SUM(C40:E40) -> 0
A41: 5. | B41: Boards, bureaus and associations | C41: 0 | D41: 0 | E41: 0 | F41: =SUM(C41:E41) -> 0
A42: 6. | B42: Title plant rent and maintenance | C42: 0 | D42: 0 | E42: 0 | F42: =SUM(C42:E42) -> 0
A43: 7. | B43: Claim adjustment services | C43: 0 | D43: 0 | E43: 0 | F43: =SUM(C43:E43) -> 0
A44: 8. | B44: Amounts charged off, net of recoveries | C44: 0 | D44: 0 | E44: 0 | F44: =SUM(C44:E44) -> 0
A45: 9. | B45: Marketing and promotional expenses | C45: 0 | D45: 0 | E45: 0 | F45: =SUM(C45:E45) -> 0
A46: 10. | B46: Insurance | C46: 0 | D46: 0 | E46: 0 | F46: =SUM(C46:E46) -> 0
A47: 11. | B47: Directors' fees | C47: 0 | D47: 0 | E47: 0 | F47: =SUM(C47:E47) -> 0
A48: 12. | B48: Travel and travel items | C48: 0 | D48: 0 | E48: 0 | F48: =SUM(C48:E48) -> 0
... A58: 22. | B58: Aggregate write-ins for miscellaneous expenses | C58: 0 | D58: 0 | E58: 0 | F58: =SUM(C58:E58) -> 0
A59: 23. | B59: Total Corporate Expenses | C59: =SUM(C37:C58) -> 0 | D59: =SUM(D37:D58) -> 51301 | E59: =SUM(E37:E58) -> 0 | F59: =SUM(F37:F58) -> 51301
A61: Part C: Net Income
A62: 1. | B62: Income (Loss) | C62: =C25-C59 -> 0 | D62: =D25-D59 -> -51301 | E62: =E25-E59 -> 0 | F62: =SUM(C62:E62) -> -51301

Sheet Alliant National Title Ins Co
A1: NEW MEXICO TITLE INSURANCE UNDERWRITERS STATISTICAL REPORT
A2: FORM 1: STATEMENT OF INCOME AND EXPENSES
A3: For Calendar Year Ending December 31, 2021
A4: NEW MEXICO EXPERIENCE ONLY
B5: Insurance Company: | C5: Alliant National Title Insurance Company, Inc.
B6: NAIC Code: | C6: 12309
D8: Yes | E8: No
C9: Do you have direct operations or affiliated agencies in New Mexico? | E9: No
C11: If you DO have direct operations or affiliated agencies in New Mexico,
B12: are the expenses that are reported by those direct operations or affiliated agencies on their Agent Statistical Reports also included on Part B below? | D12: Yes | E12: No
D13: N/A | E13: N/A
H14: Total Other | I14: NAIC
D15: Non-Affiliated | E15: Affiliated | H15: Income From | I15: Annual
C16: Direct | D16: Agency | E16: Agency | H16: Direct | I16: Statement
C17: Operations | D17: Operations | E17: Operations | F17: Total | H17: Operation ASR | I17: Schedule T | J17: Difference
A18: Part A: Revenue
A19: 1. | B19: Direct premiums written | D19: 3303010 | F19: =SUM(C19:E19) -> 3303010 | I19: 3303010 | J19: =F19-I19 -> 0
A20: 2. | B20: Direct premiums written that are retained by agent | D20: =2465565+171419.03 -> 2636984 | F20: =SUM(C20:E20) -> 2636984
A21: 3. | B21: Direct premiums written that are remitted to underwriter | C21: =C19-C20 -> 0 | D21: =D19-D20 -> 666025.97 | E21: =E19-E20 -> 0 | F21: =SUM(C21:E21) -> 666025.97
A22: 4. | B22: Escrow and settlement service charges | D22: 0 | F22: =SUM(C22:E22) -> 0
A23: 5. | B23: Other title fees and service charges | D23: 0 | F23: =SUM(C23:E23) -> 0
A24: 6. | B24: Total Other Income | C24: =C22+C23 -> 0 | D24: =D22+D23 -> 0 | E24: =E22+E23 -> 0 | F24: =SUM(C24:E24) -> 0 | I24: 0 | J24: =F24+H24-I24 -> 0
A25: 7. | B25: Total Revenue | C25: =C21+C24 -> 0 | D25: =D21+D24 -> 666025.97 | E25: =E21+E24 -> 0 | F25: =SUM(C25:E25) -> 666025.97
A27: For underwriters that charge rates below the promulgated rates: | I27: From Form 3 | J27: Difference
A28: 8. | B28: Direct premiums as if they had been written at promulgated rates | D28: 0 | F28: =SUM(C28:E28) -> 0 | I28: 0 | J28: =F28-I28 -> 0
A30: Part B: Corporate Expenses
A32: Line 1 as defined per NAIC Annual Statement, STATEMENT OF INCOME Exhibit.
A33: Lines 2 through 22 as defined per NAIC Annual Statement, EXPENSES Exhibit.
A35: All entries should show NEW MEXICO expenses only and should NOT show any expenses reported by a direct or affiliated operation on their Agent Statistical Reports.
A37: 1. | B37: Losses and loss adjustment expenses incurred | D37: 851929.35 | F37: =SUM(C37:E37) -> 851929.35
A38: 2. | B38: Total personnel costs | D38: 101925.79 | F38: =SUM(C38:E38) -> 101925.79
A39: 3. | B39: Total production services purchased outside | F39: =SUM(C39:E39) -> 0
A40: 4. | B40: Advertising | F40: =SUM(C40:E40) -> 0
A41: 5. | B41: Boards, bureaus and associations | D41: 2428.05 | F41: =SUM(C41:E41) -> 2428.05
A42: 6. | B42: Title plant rent and maintenance | F42: =SUM(C42:E42) -> 0
A43: 7. | B43: Claim adjustment services | F43: =SUM(C43:E43) -> 0
A44: 8. | B44: Amounts charged off, net of recoveries | F44: =SUM(C44:E44) -> 0
A45: 9. | B45: Marketing and promotional expenses | D45: 1591.12 | F45: =SUM(C45:E45) -> 1591.12
A46: 10. | B46: Insurance | F46: =SUM(C46:E46) -> 0
A47: 11. | B47: Directors' fees | F47: =SUM(C47:E47) -> 0
A48: 12. | B48: Travel and travel items | D48: 4025 | F48: =SUM(C48:E48) -> 4025
A49: 13. | B49: Rent and rent items | F49: =SUM(C49:E49) -> 0
A50: 14. | B50: Equipment | F50: =SUM(C50:E50) -> 0
A51: 15. | B51: Cost or depreciation of EDP equipment and software | F51: =SUM(C51:E51) -> 0
A52: 16. | B52: Printing, stationery, books and periodicals | D52: 414.87 | F52: =SUM(C52:E52) -> 414.87
A53: 17. | B53: Postage, telephone, messenger and express | F53: =SUM(C53:E53) -> 0
A54: 18. | B54: Legal and auditing | F54: =SUM(C54:E54) -> 0
A55: 19. | B55: Total taxes, licenses and fees | D55: 131551 | F55: =SUM(C55:E55) -> 131551
A56: 20. | B56: Real estate expenses | F56: =SUM(C56:E56) -> 0
A57: 21. | B57: Real estate taxes | F57: =SUM(C57:E57) -> 0
A58: 22. | B58: Aggregate write-ins for miscellaneous expenses | D58: 421.52 | F58: =SUM(C58:E58) -> 421.52
A59: 23. | B59: Total Corporate Expenses | C59: =SUM(C37:C58) -> 0 | D59: =SUM(D37:D58) -> 1094286.7 | E59: =SUM(E37:E58) -> 0 | F59: =SUM(F37:F58) -> 1094286.7
A61: Part C: Net Income
A62: 1. | B62: Income (Loss) | C62: =C25-C59 -> 0 | D62: =D25-D59 -> -428260.73 | E62: =E25-E59 -> 0 | F62: =SUM(C62:E62) -> -428260.73

Sheet American Digital Title Co
A1: NEW MEXICO TITLE INSURANCE UNDERWRITERS STATISTICAL REPORT
A2: FORM 1: STATEMENT OF INCOME AND EXPENSES
A3: For Calendar Year Ending December 31, 2021
A4: NEW MEXICO EXPERIENCE ONLY
B5: Insurance Company: | C5: American Digital Title Insurance Company
B6: NAIC Code: | C6: 11865
D8: Yes | E8: No
C9: Do you have direct operations or affiliated agencies in New Mexico? | E9: X
C11: If you DO have direct operations or affiliated agencies in New Mexico,
B12: are the expenses that are reported by those direct operations or affiliated agencies on their Agent Statistical Reports also included on Part B below? | D12: Yes | E12: No
H14: Total Other | I14: NAIC
D15: Non-Affiliated | E15: Affiliated | H15: Income From | I15: Annual
C16: Direct | D16: Agency | E16: Agency | H16: Direct | I16: Statement
C17: Operations | D17: Operations | E17: Operations | F17: Total | H17: Operation ASR | I17: Schedule T | J17: Difference
A18: Part A: Revenue
A19: 1. | B19: Direct premiums written | C19: 0 | D19: 0 | E19: 0 | F19: =SUM(C19:E19) -> 0 | I19: 0 | J19: =F19-I19 -> 0
A20: 2. | B20: Direct premiums written that are retained by agent | C20: 0 | D20: 0 | E20: 0 | F20: =SUM(C20:E20) -> 0
A21: 3. | B21: Direct premiums written that are remitted to underwriter | C21: =C19-C20 -> 0 | D21: =D19-D20 -> 0 | E21: =E19-E20 -> 0 | F21: =SUM(C21:E21) -> 0
A22: 4. | B22: Escrow and settlement service charges | C22: 0 | D22: 0 | E22: 0 | F22: =SUM(C22:E22) -> 0
A23: 5. | B23: Other title fees and service charges | C23: 0 | D23: 0 | E23: 0 | F23: =SUM(C23:E23) -> 0
A24: 6. | B24: Total Other Income | C24: =C22+C23 -> 0 | D24: =D22+D23 -> 0 | E24: =E22+E23 -> 0 | F24: =SUM(C24:E24) -> 0 | H24: 0 | I24: 0 | J24: =F24+H24-I24 -> 0
A25: 7. | B25: Total Revenue | C25: =C21+C24 -> 0 | D25: =D21+D24 -> 0 | E25: =E21+E24 -> 0 | F25: =SUM(C25:E25) -> 0
A27: For underwriters that charge rates below the promulgated rates: | I27: From Form 3 | J27: Difference
A28: 8. | B28: Direct premiums as if they had been written at promulgated rates | C28: 0 | D28: 0 | E28: 0 | F28: =SUM(C28:E28) -> 0 | I28: 0 | J28: =F28-I28 -> 0
A30: Part B: Corporate Expenses
A32: Line 1 as defined per NAIC Annual Statement, STATEMENT OF INCOME Exhibit.
A33: Lines 2 through 22 as defined per NAIC Annual Statement, EXPENSES Exhibit.
A35: All entries should show NEW MEXICO expenses only and should NOT show any expenses reported by a direct or affiliated operation on their Agent Statistical Reports.
A37: 1. | B37: Losses and loss adjustment expenses incurred | C37: 0 | D37: 0 | E37: 0 | F37: =SUM(C37:E37) -> 0
A38: 2. | B38: Total personnel costs | C38: 0 | D38: 0 | E38: 0 | F38: =SUM(C38:E38) -> 0
A39: 3. | B39: Total production services purchased outside | C39: 0 | D39: 0 | E39: 0 | F39: =SUM(C39:E39) -> 0
A40: 4. | B40: Advertising | C40: 0 | D40: 0 | E40: 0 | F40: =SUM(C40:E40) -> 0
A41: 5. | B41: Boards, bureaus and associations | C41: 0 | D41: 0 | E41: 0 | F41: =SUM(C41:E41) -> 0
A42: 6. | B42: Title plant rent and maintenance | C42: 0 | D42: 0 | E42: 0 | F42: =SUM(C42:E42) -> 0
A43: 7. | B43: Claim adjustment services | C43: 0 | D43: 0 | E43: 0 | F43: =SUM(C43:E43) -> 0
A44: 8. | B44: Amounts charged off, net of recoveries | C44: 0 | D44: 0 | E44: 0 | F44: =SUM(C44:E44) -> 0
A45: 9. | B45: Marketing and promotional expenses | C45: 0 | D45: 0 | E45: 0 | F45: =SUM(C45:E45) -> 0
A46: 10. | B46: Insurance | C46: 0 | D46: 0 | E46: 0 | F46: =SUM(C46:E46) -> 0
A47: 11. | B47: Directors' fees | C47: 0 | D47: 0 | E47: 0 | F47: =SUM(C47:E47) -> 0
A48: 12. | B48: Travel and travel items | C48: 0 | D48: 0 | E48: 0 | F48: =SUM(C48:E48) -> 0
... A58: 22. | B58: Aggregate write-ins for miscellaneous expenses | C58: 0 | D58: 0 | E58: 0 | F58: =SUM(C58:E58) -> 0
A59: 23. | B59: Total Corporate Expenses | C59: =SUM(C37:C58) -> 0 | D59: =SUM(D37:D58) -> 0 | E59: =SUM(E37:E58) -> 0 | F59: =SUM(F37:F58) -> 0
A61: Part C: Net Income
A62: 1. | B62: Income (Loss) | C62: =C25-C59 -> 0 | D62: =D25-D59 -> 0 | E62: =E25-E59 -> 0 | F62: =SUM(C62:E62) -> 0

Sheet AmTrust Title Insurance Company
A1: NEW MEXICO TITLE INSURANCE UNDERWRITERS STATISTICAL REPORT
A2: FORM 1: STATEMENT OF INCOME AND EXPENSES
A3: For Calendar Year Ending December 31, 2021
A4: NEW MEXICO EXPERIENCE ONLY
B5: Insurance Company: | C5: AmTrust Title Insurance Company
B6: NAIC Code: | C6: 51578
D8: Yes | E8: No
C9: Do you have direct operations or affiliated agencies in New Mexico? | E9: No
C11: If you DO have direct operations or affiliated agencies in New Mexico,
B12: are the expenses that are reported by those direct operations or affiliated agencies on their Agent Statistical Reports also included on Part B below? | D12: Yes | E12: No
H14: Total Other | I14: NAIC
D15: Non-Affiliated | E15: Affiliated | H15: Income From | I15: Annual
C16: Direct | D16: Agency | E16: Agency | H16: Direct | I16: Statement
C17: Operations | D17: Operations | E17: Operations | F17: Total | H17: Operation ASR | I17: Schedule T | J17: Difference
A18: Part A: Revenue
A19: 1. | B19: Direct premiums written | D19: 164831 | E19: 0 | F19: =SUM(C19:E19) -> 164831 | I19: 154831 | J19: =F19-I19 -> 10000
A20: 2. | B20: Direct premiums written that are retained by agent | C20: 0 | D20: 117609 | E20: 0 | F20: =SUM(C20:E20) -> 117609
A21: 3. | B21: Direct premiums written that are remitted to underwriter | C21: =C19-C20 -> 0 | D21: =D19-D20 -> 47222 | E21: =E19-E20 -> 0 | F21: =SUM(C21:E21) -> 47222
A22: 4. | B22: Escrow and settlement service charges | C22: 0 | D22: 52485 | E22: 0 | F22: =SUM(C22:E22) -> 52485
A23: 5. | B23: Other title fees and service charges | C23: 0 | D23: 0 | E23: 0 | F23: =SUM(C23:E23) -> 0
A24: 6. | B24: Total Other Income | C24: =C22+C23 -> 0 | D24: =D22+D23 -> 52485 | E24: =E22+E23 -> 0 | F24: =SUM(C24:E24) -> 52485 | H24: 0 | I24: 52485 | J24: =F24+H24-I24 -> 0
A25: 7. | B25: Total Revenue | C25: =C21+C24 -> 0 | D25: =D21+D24 -> 99707 | E25: =E21+E24 -> 0 | F25: =SUM(C25:E25) -> 99707
A27: For underwriters that charge rates below the promulgated rates: | I27: From Form 3 | J27: Difference
A28: 8. | B28: Direct premiums as if they had been written at promulgated rates | C28: 0 | D28: 0 | E28: 0 | F28: =SUM(C28:E28) -> 0 | I28: 0 | J28: =F28-I28 -> 0
A30: Part B: Corporate Expenses
A32: Line 1 as defined per NAIC Annual Statement, STATEMENT OF INCOME Exhibit.
A33: Lines 2 through 22 as defined per NAIC Annual Statement, EXPENSES Exhibit.
A35: All entries should show NEW MEXICO expenses only and should NOT show any expenses reported by a direct or affiliated operation on their Agent Statistical Reports.
A37: 1. | B37: Losses and loss adjustment expenses incurred | E37: 0 | F37: =SUM(C37:E37) -> 0
A38: 2. | B38: Total personnel costs | D38: 7852 | E38: 0 | F38: =SUM(C38:E38) -> 7852
A39: 3. | B39: Total production services purchased outside | D39: 207 | E39: 0 | F39: =SUM(C39:E39) -> 207
A40: 4. | B40: Advertising | D40: 268 | E40: 0 | F40: =SUM(C40:E40) -> 268
A41: 5. | B41: Boards, bureaus and associations | D41: 102 | E41: 0 | F41: =SUM(C41:E41) -> 102
A42: 6. | B42: Title plant rent and maintenance | D42: 162 | E42: 0 | F42: =SUM(C42:E42) -> 162
A43: 7. | B43: Claim adjustment services | E43: 0 | F43: =SUM(C43:E43) -> 0
A44: 8. | B44: Amounts charged off, net of recoveries | E44: 0 | F44: =SUM(C44:E44) -> 0
A45: 9. | B45: Marketing and promotional expenses | D45: 193 | E45: 0 | F45: =SUM(C45:E45) -> 193
A46: 10. | B46: Insurance | D46: 168 | E46: 0 | F46: =SUM(C46:E46) -> 168
A47: 11. | B47: Directors' fees | E47: 0 | F47: =SUM(C47:E47) -> 0
A48: 12. | B48: Travel and travel items | D48: 195 | E48: 0 | F48: =SUM(C48:E48) -> 195
A49: 13. | B49: Rent and rent items | D49: 386 | E49: 0 | F49: =SUM(C49:E49) -> 386
A50: 14. | B50: Equipment | D50: 103 | E50: 0 | F50: =SUM(C50:E50) -> 103
A51: 15. | B51: Cost or depreciation of EDP equipment and software | E51: 0 | F51: =SUM(C51:E51) -> 0
A52: 16. | B52: Printing, stationery, books and periodicals | D52: 24 | E52: 0 | F52: =SUM(C52:E52) -> 24
A53: 17. | B53: Postage, telephone, messenger and express | D53: 9 | E53: 0 | F53: =SUM(C53:E53) -> 9
A54: 18. | B54: Legal and auditing | D54: 267 | E54: 0 | F54: =SUM(C54:E54) -> 267
A55: 19. | B55: Total taxes, licenses and fees | D55: 14038 | E55: 0 | F55: =SUM(C55:E55) -> 14038
A56: 20. | B56: Real estate expenses | E56: 0 | F56: =SUM(C56:E56) -> 0
A57: 21. | B57: Real estate taxes | E57: 0 | F57: =SUM(C57:E57) -> 0
A58: 22. | B58: Aggregate write-ins for miscellaneous expenses | D58: 1271 | E58: 0 | F58: =SUM(C58:E58) -> 1271
A59: 23. | B59: Total Corporate Expenses | C59: =SUM(C37:C58) -> 0 | D59: =SUM(D37:D58) -> 25245 | E59: =SUM(E37:E58) -> 0 | F59: =SUM(F37:F58) -> 25245
A61: Part C: Net Income
A62: 1. | B62: Income (Loss) | C62: =C25-C59 -> 0 | D62: =D25-D59 -> 74462 | E62: =E25-E59 -> 0 | F62: =SUM(C62:E62) -> 74462

Sheet Chicago Title Insurance Company
A1: NEW MEXICO TITLE INSURANCE UNDERWRITERS STATISTICAL REPORT
A2: FORM 1: STATEMENT OF INCOME AND EXPENSES
A3: For Calendar Year Ending December 31, 2021
A4: NEW MEXICO EXPERIENCE ONLY
B5: Insurance Company: | C5: Chicago Title Insurance Company
B6: NAIC Code: | C6: 50229
D8: Yes | E8: No
C9: Do you have direct operations or affiliated agencies in New Mexico? | D9: X
C11: If you DO have direct operations or affiliated agencies in New Mexico,
B12: are the expenses that are reported by those direct operations or affiliated agencies on their Agent Statistical Reports also included on Part B below? | D12: Yes | E12: No
E13: X
H14: Total Other | I14: NAIC
D15: Non-Affiliated | E15: Affiliated | H15: Income From | I15: Annual
C16: Direct | D16: Agency | E16: Agency | H16: Direct | I16: Statement
C17: Operations | D17: Operations | E17: Operations | F17: Total | H17: Operation ASR | I17: Schedule T | J17: Difference
A18: Part A: Revenue
A19: 1. | B19: Direct premiums written | C19: 250 | D19: 10612218 | E19: 1587772 | F19: =SUM(C19:E19) -> 12200240 | I19: 12200240 | J19: =F19-I19 -> 0
A20: 2. | B20: Direct premiums written that are retained by agent | C20: 0 | D20: 7284670 | E20: 1270218 | F20: =SUM(C20:E20) -> 8554888
A21: 3. | B21: Direct premiums written that are remitted to underwriter | C21: =C19-C20 -> 250 | D21: =D19-D20 -> 3327548 | E21: =E19-E20 -> 317554 | F21: =SUM(C21:E21) -> 3645352
A22: 4. | B22: Escrow and settlement service charges | C22: -31125 | D22: 0 | E22: 0 | F22: =SUM(C22:E22) -> -31125
A23: 5. | B23: Other title fees and service charges | C23: -482551 | D23: -8651 | E23: 0 | F23: =SUM(C23:E23) -> -491202
A24: 6. | B24: Total Other Income | C24: =C22+C23 -> -513676 | D24: =D22+D23 -> -8651 | E24: =E22+E23 -> 0 | F24: =SUM(C24:E24) -> -522327 | H24: 0 | I24: -522327 | J24: =F24+H24-I24 -> 0
A25: 7. | B25: Total Revenue | C25: =C21+C24 -> -513426 | D25: =D21+D24 -> 3318897 | E25: =E21+E24 -> 317554 | F25: =SUM(C25:E25) -> 3123025
A27: For underwriters that charge rates below the promulgated rates: | I27: From Form 3 | J27: Difference
A28: 8. | B28: Direct premiums as if they had been written at promulgated rates | C28: 0 | D28: 0 | E28: 0 | F28: =SUM(C28:E28) -> 0 | I28: 0 | J28: =F28-I28 -> 0
A30: Part B: Corporate Expenses
A32: Line 1 as defined per NAIC Annual Statement, STATEMENT OF INCOME Exhibit.
A33: Lines 2 through 22 as defined per NAIC Annual Statement, EXPENSES Exhibit.
A35: All entries should show NEW MEXICO expenses only and should NOT show any expenses reported by a direct or affiliated operation on their Agent Statistical Reports.
A37: 1. | B37: Losses and loss adjustment expenses incurred | C37: 0 | D37: 261802 | E37: 21713 | F37: =SUM(C37:E37) -> 283515
A38: 2. | B38: Total personnel costs | C38: 9709 | D38: 338330 | E38: 11081 | F38: =SUM(C38:E38) -> 359120
A39: 3. | B39: Total production services purchased outside | C39: -9581 | D39: 257163 | E39: 308 | F39: =SUM(C39:E39) -> 247890
A40: 4. | B40: Advertising | C40: 300 | D40: 2795 | E40: 48 | F40: =SUM(C40:E40) -> 3143
A41: 5. | B41: Boards, bureaus and associations | C41: -26 | D41: 6510 | E41: 12 | F41: =SUM(C41:E41) -> 6496
A42: 6. | B42: Title plant rent and maintenance | C42: 4 | D42: 780 | E42: 74 | F42: =SUM(C42:E42) -> 858
A43: 7. | B43: Claim adjustment services | C43: 0 | D43: 0 | E43: 0 | F43: =SUM(C43:E43) -> 0
A44: 8. | B44: Amounts charged off, net of recoveries | C44: -41 | D44: 5560 | E44: -31 | F44: =SUM(C44:E44) -> 5488
A45: 9. | B45: Marketing and promotional expenses | C45: 71 | D45: 321 | E45: 11 | F45: =SUM(C45:E45) -> 403
A46: 10. | B46: Insurance | C46: 33 | D46: 9047 | E46: 107 | F46: =SUM(C46:E46) -> 9187
A47: 11. | B47: Directors' fees | C47: 0 | D47: 0 | E47: 0 | F47: =SUM(C47:E47) -> 0
A48: 12. | B48: Travel and travel items | C48: -211 | D48: 8522 | E48: 248 | F48: =SUM(C48:E48) -> 8559
... A58: 22. | B58: Aggregate write-ins for miscellaneous expenses | C58: 261 | D58: 819606 | E58: 384 | F58: =SUM(C58:E58) -> 820251
A59: 23. | B59: Total Corporate Expenses | C59: =SUM(C37:C58) -> 2128 | D59: =SUM(D37:D58) -> 2263470 | E59: =SUM(E37:E58) -> 107572 | F59: =SUM(F37:F58) -> 2373170
A61: Part C: Net Income
A62: 1. | B62: Income (Loss) | C62: =C25-C59 -> -515554 | D62: =D25-D59 -> 1055427 | E62: =E25-E59 -> 209982 | F62: =SUM(C62:E62) -> 749855

Sheet Commonwealth Land Title Ins Co
A1: NEW MEXICO TITLE INSURANCE UNDERWRITERS STATISTICAL REPORT
A2: FORM 1: STATEMENT OF INCOME AND EXPENSES
A3: For Calendar Year Ending December 31, 2021
A4: NEW MEXICO EXPERIENCE ONLY
B5: Insurance Company: | C5: Commonwealth Land Title Insurance Company
B6: NAIC Code: | C6: 50083
D8: Yes | E8: No
C9: Do you have direct operations or affiliated agencies in New Mexico? | D9: X
C11: If you DO have direct operations or affiliated agencies in New Mexico,
B12: are the expenses that are reported by those direct operations or affiliated agencies on their Agent Statistical Reports also included on Part B below? | D12: Yes | E12: No
E13: X
H14: Total Other | I14: NAIC
D15: Non-Affiliated | E15: Affiliated | H15: Income From | I15: Annual
C16: Direct | D16: Agency | E16: Agency | H16: Direct | I16: Statement
C17: Operations | D17: Operations | E17: Operations | F17: Total | H17: Operation ASR | I17: Schedule T | J17: Difference
A18: Part A: Revenue
A19: 1. | B19: Direct premiums written | C19: 0 | D19: 2704008 | E19: 978777 | F19: =SUM(C19:E19) -> 3682785 | I19: 3682785 | J19: =F19-I19 -> 0
A20: 2. | B20: Direct premiums written that are retained by agent | C20: 0 | D20: 2148268 | E20: 783021 | F20: =SUM(C20:E20) -> 2931289
A21: 3. | B21: Direct premiums written that are remitted to underwriter | C21: =C19-C20 -> 0 | D21: =D19-D20 -> 555740 | E21: =E19-E20 -> 195756 | F21: =SUM(C21:E21) -> 751496
A22: 4. | B22: Escrow and settlement service charges | C22: 39923 | D22: 0 | E22: 0 | F22: =SUM(C22:E22) -> 39923
A23: 5. | B23: Other title fees and service charges | C23: 6000 | D23: 0 | E23: 0 | F23: =SUM(C23:E23) -> 6000
A24: 6. | B24: Total Other Income | C24: =C22+C23 -> 45923 | D24: =D22+D23 -> 0 | E24: =E22+E23 -> 0 | F24: =SUM(C24:E24) -> 45923 | H24: 0 | I24: 45923 | J24: =F24+H24-I24 -> 0
A25: 7. | B25: Total Revenue | C25: =C21+C24 -> 45923 | D25: =D21+D24 -> 555740 | E25: =E21+E24 -> 195756 | F25: =SUM(C25:E25) -> 797419
A27: For underwriters that charge rates below the promulgated rates: | I27: From Form 3 | J27: Difference
A28: 8. | B28: Direct premiums as if they had been written at promulgated rates | C28: 0 | D28: 0 | E28: 0 | F28: =SUM(C28:E28) -> 0 | I28: 0 | J28: =F28-I28 -> 0
A30: Part B: Corporate Expenses
A32: Line 1 as defined per NAIC Annual Statement, STATEMENT OF INCOME Exhibit.
A33: Lines 2 through 22 as defined per NAIC Annual Statement, EXPENSES Exhibit.
A35: All entries should show NEW MEXICO expenses only and should NOT show any expenses reported by a direct or affiliated operation on their Agent Statistical Reports.
A37: 1. | B37: Losses and loss adjustment expenses incurred | C37: -1631 | D37: 111756 | E37: 110125 | F37: =SUM(C37:E37) -> 220250
A38: 2. | B38: Total personnel costs | C38: 9486 | D38: -8756 | E38: 6281 | F38: =SUM(C38:E38) -> 7011
A39: 3. | B39: Total production services purchased outside | C39: 191 | D39: 439 | E39: 154 | F39: =SUM(C39:E39) -> 784
A40: 4. | B40: Advertising | C40: 10 | D40: 912 | E40: 27 | F40: =SUM(C40:E40) -> 949
A41: 5. | B41: Boards, bureaus and associations | C41: 11 | D41: 2336 | E41: 9 | F41: =SUM(C41:E41) -> 2356
A42: 6. | B42: Title plant rent and maintenance | C42: 327 | D42: 7137 | E42: 68 | F42: =SUM(C42:E42) -> 7532
A43: 7. | B43: Claim adjustment services | C43: 0 | D43: 0 | E43: 0 | F43: =SUM(C43:E43) -> 0
A44: 8. | B44: Amounts charged off, net of recoveries | C44: 14 | D44: 4187 | E44: -1 | F44: =SUM(C44:E44) -> 4200
A45: 9. | B45: Marketing and promotional expenses | C45: 10 | D45: 15 | E45: 5 | F45: =SUM(C45:E45) -> 30
A46: 10. | B46: Insurance | C46: 160 | D46: 1309 | E46: 62 | F46: =SUM(C46:E46) -> 1531
A47: 11. | B47: Directors' fees | C47: 0 | D47: 0 | E47: 0 | F47: =SUM(C47:E47) -> 0
A48: 12. | B48: Travel and travel items | C48: 1263 | D48: 2382 | E48: 143 | F48: =SUM(C48:E48) -> 3788
... A58: 22. | B58: Aggregate write-ins for miscellaneous expenses | C58: 218 | D58: 14639 | E58: 285 | F58: =SUM(C58:E58) -> 15142
A59: 23. | B59: Total Corporate Expenses | C59: =SUM(C37:C58) -> 10684 | D59: =SUM(D37:D58) -> 264389 | E59: =SUM(E37:E58) -> 162872 | F59: =SUM(F37:F58) -> 437945
A61: Part C: Net Income
A62: 1. | B62: Income (Loss) | C62: =C25-C59 -> 35239 | D62: =D25-D59 -> 291351 | E62: =E25-E59 -> 32884 | F62: =SUM(C62:E62) -> 359474

Sheet Fidelity National Title Ins Co
A1: NEW MEXICO TITLE INSURANCE UNDERWRITERS STATISTICAL REPORT
A2: FORM 1: STATEMENT OF INCOME AND EXPENSES
A3: For Calendar Year Ending December 31, 2021
A4: NEW MEXICO EXPERIENCE ONLY
B5: Insurance Company: | C5: Fidelity National Title Insurance Company
B6: NAIC Code: | C6: 51586
D8: Yes | E8: No
C9: Do you have direct operations or affiliated agencies in New Mexico? | D9: X
C11: If you DO have direct operations or affiliated agencies in New Mexico,
B12: are the expenses that are reported by those direct operations or affiliated agencies on their Agent Statistical Reports also included on Part B below? | D12: Yes | E12: No
E13: X
H14: Total Other | I14: NAIC
D15: Non-Affiliated | E15: Affiliated | H15: Income From | I15: Annual
C16: Direct | D16: Agency | E16: Agency | H16: Direct | I16: Statement
C17: Operations | D17: Operations | E17: Operations | F17: Total | H17: Operation ASR | I17: Schedule T | J17: Difference
A18: Part A: Revenue
A19: 1. | B19: Direct premiums written | C19: 0 | D19: 10993786 | E19: 30065457 | F19: =SUM(C19:E19) -> 41059243 | I19: 41059243 | J19: =F19-I19 -> 0
A20: 2. | B20: Direct premiums written that are retained by agent | C20: 0 | D20: 8707940 | E20: 24052365 | F20: =SUM(C20:E20) -> 32760305
A21: 3. | B21: Direct premiums written that are remitted to underwriter | C21: =C19-C20 -> 0 | D21: =D19-D20 -> 2285846 | E21: =E19-E20 -> 6013092 | F21: =SUM(C21:E21) -> 8298938
A22: 4. | B22: Escrow and settlement service charges | C22: 70029 | D22: 0 | E22: 0 | F22: =SUM(C22:E22) -> 70029
A23: 5. | B23: Other title fees and service charges | C23: 61296 | D23: 0 | E23: 0 | F23: =SUM(C23:E23) -> 61296
A24: 6. | B24: Total Other Income | C24: =C22+C23 -> 131325 | D24: =D22+D23 -> 0 | E24: =E22+E23 -> 0 | F24: =SUM(C24:E24) -> 131325 | H24: 0 | I24: 131525 | J24: =F24+H24-I24 -> -200
A25: 7. | B25: Total Revenue | C25: =C21+C24 -> 131325 | D25: =D21+D24 -> 2285846 | E25: =E21+E24 -> 6013092 | F25: =SUM(C25:E25) -> 8430263
A27: For underwriters that charge rates below the promulgated rates: | I27: From Form 3 | J27: Difference
A28: 8. | B28: Direct premiums as if they had been written at promulgated rates | C28: 0 | D28: 0 | E28: 0 | F28: =SUM(C28:E28) -> 0 | I28: 0 | J28: =F28-I28 -> 0
A30: Part B: Corporate Expenses
A32: Line 1 as defined per NAIC Annual Statement, STATEMENT OF INCOME Exhibit.
A33: Lines 2 through 22 as defined per NAIC Annual Statement, EXPENSES Exhibit.
A35: All entries should show NEW MEXICO expenses only and should NOT show any expenses reported by a direct or affiliated operation on their Agent Statistical Reports.
A37: 1. | B37: Losses and loss adjustment expenses incurred | C37: 6596 | D37: 114767 | E37: 492850 | F37: =SUM(C37:E37) -> 614213
A38: 2. | B38: Total personnel costs | C38: 51342 | D38: 551040 | E38: 210629 | F38: =SUM(C38:E38) -> 813011
A39: 3. | B39: Total production services purchased outside | C39: 14972 | D39: 848 | E39: 4312 | F39: =SUM(C39:E39) -> 20132
A40: 4. | B40: Advertising | C40: 571 | D40: 2689 | E40: 894 | F40: =SUM(C40:E40) -> 4154
A41: 5. | B41: Boards, bureaus and associations | C41: 21 | D41: 6191 | E41: 218 | F41: =SUM(C41:E41) -> 6430
A42: 6. | B42: Title plant rent and maintenance | C42: 665 | D42: -68 | E42: 1609 | F42: =SUM(C42:E42) -> 2206
A43: 7. | B43: Claim adjustment services | C43: 0 | D43: 0 | E43: 0 | F43: =SUM(C43:E43) -> 0
A44: 8. | B44: Amounts charged off, net of recoveries | C44: 269 | D44: 30858 | E44: -27 | F44: =SUM(C44:E44) -> 31100
A45: 9. | B45: Marketing and promotional expenses | C45: 65 | D45: 5114 | E45: 167 | F45: =SUM(C45:E45) -> 5346
A46: 10. | B46: Insurance | C46: 412 | D46: 9163 | E46: 2069 | F46: =SUM(C46:E46) -> 11644
A47: 11. | B47: Directors' fees | C47: 0 | D47: 0 | E47: 0 | F47: =SUM(C47:E47) -> 0
A48: 12. | B48: Travel and travel items | C48: 1013 | D48: 9339 | E48: 4468 | F48: =SUM(C48:E48) -> 14820
... A58: 22. | B58: Aggregate write-ins for miscellaneous expenses | C58: -13649 | D58: 3659 | E58: -46493 | F58: =SUM(C58:E58) -> -56483
A59: 23. | B59: Total Corporate Expenses | C59: =SUM(C37:C58) -> 73172 | D59: =SUM(D37:D58) -> 1290816 | E59: =SUM(E37:E58) -> 2074961 | F59: =SUM(F37:F58) -> 3438949
A61: Part C: Net Income
A62: 1. | B62: Income (Loss) | C62: =C25-C59 -> 58153 | D62: =D25-D59 -> 995030 | E62: =E25-E59 -> 3938131 | F62: =SUM(C62:E62) -> 4991314

Sheet First American Title Ins Co
A1: NEW MEXICO TITLE INSURANCE UNDERWRITERS STATISTICAL REPORT
A2: FORM 1: STATEMENT OF INCOME AND EXPENSES
A3: For Calendar Year Ending December 31, 2021
A4: NEW MEXICO EXPERIENCE ONLY
B5: Insurance Company: | C5: First American Title Insurance Company
B6: NAIC Code: | C6: 50814
D8: Yes | E8: No
C9: Do you have direct operations or affiliated agencies in New Mexico? | D9: X
C11: If you DO have direct operations or affiliated agencies in New Mexico,
B12: are the expenses that are reported by those direct operations or affiliated agencies on their Agent Statistical Reports also included on Part B below? | D12: Yes | E12: No
E13: X
H14: Total Other | I14: NAIC
D15: Non-Affiliated | E15: Affiliated | H15: Income From | I15: Annual
C16: Direct | D16: Agency | E16: Agency | H16: Direct | I16: Statement
C17: Operations | D17: Operations | E17: Operations | F17: Total | H17: Operation ASR | I17: Schedule T | J17: Difference
A18: Part A: Revenue
A19: 1. | B19: Direct premiums written | C19: 19019447 | D19: 15800009 | E19: 5160604 | F19: =SUM(C19:E19) -> 39980060 | I19: 39980060 | J19: =F19-I19 -> 0
A20: 2. | B20: Direct premiums written that are retained by agent | C20: 14123853 | D20: 12458826 | E20: 4048448 | F20: =SUM(C20:E20) -> 30631127
A21: 3. | B21: Direct premiums written that are remitted to underwriter | C21: =C19-C20 -> 4895594 | D21: =D19-D20 -> 3341183 | E21: =E19-E20 -> 1112156 | F21: =SUM(C21:E21) -> 9348933
A22: 4. | B22: Escrow and settlement service charges | C22: 0 | D22: 0 | E22: 0 | F22: =SUM(C22:E22) -> 0
A23: 5. | B23: Other title fees and service charges | C23: 278214 | D23: 0 | E23: 0 | F23: =SUM(C23:E23) -> 278214
A24: 6. | B24: Total Other Income | C24: =C22+C23 -> 278214 | D24: =D22+D23 -> 0 | E24: =E22+E23 -> 0 | F24: =SUM(C24:E24) -> 278214 | H24: 9355749 | I24: 9633962.8 | J24: =F24+H24-I24 -> 0.19
A25: 7. | B25: Total Revenue | C25: =C21+C24 -> 5173808 | D25: =D21+D24 -> 3341183 | E25: =E21+E24 -> 1112156 | F25: =SUM(C25:E25) -> 9627147
A27: For underwriters that charge rates below the promulgated rates: | I27: From Form 3 | J27: Difference
A28: 8. | B28: Direct premiums as if they had been written at promulgated rates | F28: =SUM(C28:E28) -> 0 | I28: 0 | J28: =F28-I28 -> 0
A30: Part B: Corporate Expenses
A32: Line 1 as defined per NAIC Annual Statement, STATEMENT OF INCOME Exhibit.
A33: Lines 2 through 22 as defined per NAIC Annual Statement, EXPENSES Exhibit.
A35: All entries should show NEW MEXICO expenses only and should NOT show any expenses reported by a direct or affiliated operation on their Agent Statistical Reports.
A37: 1. | B37: Losses and loss adjustment expenses incurred | C37: 31864 | D37: 47788 | E37: -30666 | F37: =SUM(C37:E37) -> 48986
A38: 2. | B38: Total personnel costs | C38: 0 | D38: 586528.7 | E38: 0 | F38: =SUM(C38:E38) -> 586528.7
A39: 3. | B39: Total production services purchased outside | C39: 0 | D39: 0 | E39: 0 | F39: =SUM(C39:E39) -> 0
A40: 4. | B40: Advertising | C40: 0 | D40: 15390.38 | E40: 0 | F40: =SUM(C40:E40) -> 15390.38
A41: 5. | B41: Boards, bureaus and associations | C41: 0 | D41: 17895.51 | E41: 0 | F41: =SUM(C41:E41) -> 17895.51
A42: 6. | B42: Title plant rent and maintenance | C42: 0 | D42: 16433.15 | E42: 0 | F42: =SUM(C42:E42) -> 16433.15
A43: 7. | B43: Claim adjustment services | C43: 0 | D43: 0 | E43: 0 | F43: =SUM(C43:E43) -> 0
A44: 8. | B44: Amounts charged off, net of recoveries | C44: 0 | D44: 86756.9 | E44: 0 | F44: =SUM(C44:E44) -> 86756.9
A45: 9. | B45: Marketing and promotional expenses | C45: 0 | D45: 9712.36 | E45: 0 | F45: =SUM(C45:E45) -> 9712.36
A46: 10. | B46: Insurance | C46: 0 | D46: 0 | E46: 0 | F46: =SUM(C46:E46) -> 0
A47: 11. | B47: Directors' fees | C47: 0 | D47: 0 | E47: 0 | F47: =SUM(C47:E47) -> 0
A48: 12. | B48: Travel and travel items | C48: 0 | D48: 15372.44 | E48: 0 | F48: =SUM(C48:E48) -> 15372.44
... A58: 22. | B58: Aggregate write-ins for miscellaneous expenses | C58: 0 | D58: 324.72 | E58: 0 | F58: =SUM(C58:E58) -> 324.72
A59: 23. | B59: Total Corporate Expenses | C59: =SUM(C37:C58) -> 607505.58 | D59: =SUM(D37:D58) -> 1525255.8 | E59: =SUM(E37:E58) -> 113456.29 | F59: =SUM(F37:F58) -> 2246217.6
A61: Part C: Net Income
A62: 1. | B62: Income (Loss) | C62: =C25-C59 -> 4566302.4 | D62: =D25-D59 -> 1815927.2 | E62: =E25-E59 -> 998699.71 | F62: =SUM(C62:E62) -> 7380929.4

Sheet First National Title Ins Co
A1: NEW MEXICO TITLE INSURANCE UNDERWRITERS STATISTICAL REPORT
A2: FORM 1: STATEMENT OF INCOME AND EXPENSES
A3: For Calendar Year Ending December 31, 2021
A4: NEW MEXICO EXPERIENCE ONLY
B5: Insurance Company: | C5: First National Title Insurance Company
B6: NAIC Code: | C6: 14240
D8: Yes | E8: No
C9: Do you have direct operations or affiliated agencies in New Mexico? | E9: X
C11: If you DO have direct operations or affiliated agencies in New Mexico,
B12: are the expenses that are reported by those direct operations or affiliated agencies on their Agent Statistical Reports also included on Part B below? | D12: Yes | E12: No
H14: Total Other | I14: NAIC
D15: Non-Affiliated | E15: Affiliated | H15: Income From | I15: Annual
C16: Direct | D16: Agency | E16: Agency | H16: Direct | I16: Statement
C17: Operations | D17: Operations | E17: Operations | F17: Total | H17: Operation ASR | I17: Schedule T | J17: Difference
A18: Part A: Revenue
A19: 1. | B19: Direct premiums written | D19: 2800017 | F19: =SUM(C19:E19) -> 2800017 | I19: 2800017 | J19: =F19-I19 -> 0
A20: 2. | B20: Direct premiums written that are retained by agent | D20: 2235538 | F20: =SUM(C20:E20) -> 2235538
A21: 3. | B21: Direct premiums written that are remitted to underwriter | C21: =C19-C20 -> 0 | D21: =D19-D20 -> 564479 | E21: =E19-E20 -> 0 | F21: =SUM(C21:E21) -> 564479
A22: 4. | B22: Escrow and settlement service charges | D22: 0 | F22: =SUM(C22:E22) -> 0
A23: 5. | B23: Other title fees and service charges | D23: 0 | F23: =SUM(C23:E23) -> 0
A24: 6. | B24: Total Other Income | C24: =C22+C23 -> 0 | D24: =D22+D23 -> 0 | E24: =E22+E23 -> 0 | F24: =SUM(C24:E24) -> 0 | H24: 0 | I24: 0 | J24: =F24+H24-I24 -> 0
A25: 7. | B25: Total Revenue | C25: =C21+C24 -> 0 | D25: =D21+D24 -> 564479 | E25: =E21+E24 -> 0 | F25: =SUM(C25:E25) -> 564479
A27: For underwriters that charge rates below the promulgated rates: | I27: From Form 3 | J27: Difference
A28: 8. | B28: Direct premiums as if they had been written at promulgated rates | D28: 0 | F28: =SUM(C28:E28) -> 0 | I28: 0 | J28: =F28-I28 -> 0
A30: Part B: Corporate Expenses
A32: Line 1 as defined per NAIC Annual Statement, STATEMENT OF INCOME Exhibit.
A33: Lines 2 through 22 as defined per NAIC Annual Statement, EXPENSES Exhibit.
A35: All entries should show NEW MEXICO expenses only and should NOT show any expenses reported by a direct or affiliated operation on their Agent Statistical Reports.
A37: 1. | B37: Losses and loss adjustment expenses incurred | D37: 20467 | F37: =SUM(C37:E37) -> 20467
A38: 2. | B38: Total personnel costs | D38: 112794 | F38: =SUM(C38:E38) -> 112794
A39: 3. | B39: Total production services purchased outside | D39: 0 | F39: =SUM(C39:E39) -> 0
A40: 4. | B40: Advertising | D40: 0 | F40: =SUM(C40:E40) -> 0
A41: 5. | B41: Boards, bureaus and associations | D41: 3279 | F41: =SUM(C41:E41) -> 3279
A42: 6. | B42: Title plant rent and maintenance | D42: 0 | F42: =SUM(C42:E42) -> 0
A43: 7. | B43: Claim adjustment services | D43: 0 | F43: =SUM(C43:E43) -> 0
A44: 8. | B44: Amounts charged off, net of recoveries | D44: 0 | F44: =SUM(C44:E44) -> 0
A45: 9. | B45: Marketing and promotional expenses | D45: 5380 | F45: =SUM(C45:E45) -> 5380
A46: 10. | B46: Insurance | D46: 424 | F46: =SUM(C46:E46) -> 424
A47: 11. | B47: Directors' fees | D47: 181 | F47: =SUM(C47:E47) -> 181
A48: 12. | B48: Travel and travel items | D48: 9538 | F48: =SUM(C48:E48) -> 9538
... A58: 22. | B58: Aggregate write-ins for miscellaneous expenses | D58: 6182 | F58: =SUM(C58:E58) -> 6182
A59: 23. | B59: Total Corporate Expenses | C59: =SUM(C37:C58) -> 0 | D59: =SUM(D37:D58) -> 281379 | E59: =SUM(E37:E58) -> 0 | F59: =SUM(F37:F58) -> 281379
A61: Part C: Net Income
A62: 1. | B62: Income (Loss) | C62: =C25-C59 -> 0 | D62: =D25-D59 -> 283100 | E62: =E25-E59 -> 0 | F62: =SUM(C62:E62) -> 283100

Sheet Investors Title Insurance Co
A1: NEW MEXICO TITLE INSURANCE UNDERWRITERS STATISTICAL REPORT
A2: FORM 1: STATEMENT OF INCOME AND EXPENSES
A3: For Calendar Year Ending December 31, 2021
A4: NEW MEXICO EXPERIENCE ONLY
B5: Insurance Company: | C5: Investors Title Insurance Company
B6: NAIC Code: | C6: 50369
D8: Yes | E8: No
C9: Do you have direct operations or affiliated agencies in New Mexico? | E9: X
C11: If you DO have direct operations or affiliated agencies in New Mexico,
B12: are the expenses that are reported by those direct operations or affiliated agencies on their Agent Statistical Reports also included on Part B below? | D12: Yes | E12: No
H14: Total Other | I14: NAIC
D15: Non-Affiliated | E15: Affiliated | H15: Income From | I15: Annual
C16: Direct | D16: Agency | E16: Agency | H16: Direct | I16: Statement
C17: Operations | D17: Operations | E17: Operations | F17: Total | H17: Operation ASR | I17: Schedule T | J17: Difference
A18: Part A: Revenue
A19: 1. | B19: Direct premiums written | C19: 0 | D19: 0 | E19: 0 | F19: =SUM(C19:E19) -> 0 | I19: 0 | J19: =F19-I19 -> 0
A20: 2. | B20: Direct premiums written that are retained by agent | C20: 0 | D20: 0 | E20: 0 | F20: =SUM(C20:E20) -> 0
A21: 3. | B21: Direct premiums written that are remitted to underwriter | C21: =C19-C20 -> 0 | D21: =D19-D20 -> 0 | E21: =E19-E20 -> 0 | F21: =SUM(C21:E21) -> 0
A22: 4. | B22: Escrow and settlement service charges | C22: 0 | D22: 0 | E22: 0 | F22: =SUM(C22:E22) -> 0
A23: 5. | B23: Other title fees and service charges | C23: 0 | D23: 0 | E23: 0 | F23: =SUM(C23:E23) -> 0
A24: 6. | B24: Total Other Income | C24: =C22+C23 -> 0 | D24: =D22+D23 -> 0 | E24: =E22+E23 -> 0 | F24: =SUM(C24:E24) -> 0 | H24: 0 | I24: 0 | J24: =F24+H24-I24 -> 0
A25: 7. | B25: Total Revenue | C25: =C21+C24 -> 0 | D25: =D21+D24 -> 0 | E25: =E21+E24 -> 0 | F25: =SUM(C25:E25) -> 0
A27: For underwriters that charge rates below the promulgated rates: | I27: From Form 3 | J27: Difference
A28: 8. | B28: Direct premiums as if they had been written at promulgated rates | C28: 0 | D28: 0 | E28: 0 | F28: =SUM(C28:E28) -> 0 | I28: 0 | J28: =F28-I28 -> 0
A30: Part B: Corporate Expenses
A32: Line 1 as defined per NAIC Annual Statement, STATEMENT OF INCOME Exhibit.
A33: Lines 2 through 22 as defined per NAIC Annual Statement, EXPENSES Exhibit.
A35: All entries should show NEW MEXICO expenses only and should NOT show any expenses reported by a direct or affiliated operation on their Agent Statistical Reports.
A37: 1. | B37: Losses and loss adjustment expenses incurred | C37: 0 | D37: 0 | E37: 0 | F37: =SUM(C37:E37) -> 0
A38: 2. | B38: Total personnel costs | C38: 0 | D38: 0 | E38: 0 | F38: =SUM(C38:E38) -> 0
A39: 3. | B39: Total production services purchased outside | C39: 0 | D39: 0 | E39: 0 | F39: =SUM(C39:E39) -> 0
A40: 4. | B40: Advertising | C40: 0 | D40: 0 | E40: 0 | F40: =SUM(C40:E40) -> 0
A41: 5. | B41: Boards, bureaus and associations | C41: 0 | D41: 0 | E41: 0 | F41: =SUM(C41:E41) -> 0
A42: 6. | B42: Title plant rent and maintenance | C42: 0 | D42: 0 | E42: 0 | F42: =SUM(C42:E42) -> 0
A43: 7. | B43: Claim adjustment services | C43: 0 | D43: 0 | E43: 0 | F43: =SUM(C43:E43) -> 0
A44: 8. | B44: Amounts charged off, net of recoveries | C44: 0 | D44: 0 | E44: 0 | F44: =SUM(C44:E44) -> 0
A45: 9. | B45: Marketing and promotional expenses | C45: 0 | D45: 0 | E45: 0 | F45: =SUM(C45:E45) -> 0
A46: 10. | B46: Insurance | C46: 0 | D46: 0 | E46: 0 | F46: =SUM(C46:E46) -> 0
A47: 11. | B47: Directors' fees | C47: 0 | D47: 0 | E47: 0 | F47: =SUM(C47:E47) -> 0
A48: 12. | B48: Travel and travel items | C48: 0 | D48: 0 | E48: 0 | F48: =SUM(C48:E48) -> 0
... A58: 22. | B58: Aggregate write-ins for miscellaneous expenses | C58: 0 | D58: 0 | E58: 0 | F58: =SUM(C58:E58) -> 0
A59: 23. | B59: Total Corporate Expenses | C59: =SUM(C37:C58) -> 0 | D59: =SUM(D37:D58) -> 0 | E59: =SUM(E37:E58) -> 0 | F59: =SUM(F37:F58) -> 0
A61: Part C: Net Income
A62: 1. | B62: Income (Loss) | C62: =C25-C59 -> 0 | D62: =D25-D59 -> 0 | E62: =E25-E59 -> 0 | F62: =SUM(C62:E62) -> 0

Sheet National Title Insurance of NY
A1: NEW MEXICO TITLE INSURANCE UNDERWRITERS STATISTICAL REPORT
A2: FORM 1: STATEMENT OF INCOME AND EXPENSES
A3: For Calendar Year Ending December 31, 2021
A4: NEW MEXICO EXPERIENCE ONLY
B5: Insurance Company: | C5: National Title Insurance of New York Inc.
B6: NAIC Code: | C6: 51020
D8: Yes | E8: No
C9: Do you have direct operations or affiliated agencies in New Mexico? | E9: X
C11: If you DO have direct operations or affiliated agencies in New Mexico,
B12: are the expenses that are reported by those direct operations or affiliated agencies on their Agent Statistical Reports also included on Part B below? | D12: Yes | E12: No
H14: Total Other | I14: NAIC
D15: Non-Affiliated | E15: Affiliated | H15: Income From | I15: Annual
C16: Direct | D16: Agency | E16: Agency | H16: Direct | I16: Statement
C17: Operations | D17: Operations | E17: Operations | F17: Total | H17: Operation ASR | I17: Schedule T | J17: Difference
A18: Part A: Revenue
A19: 1. | B19: Direct premiums written | C19: 0 | D19: 0 | E19: 0 | F19: =SUM(C19:E19) -> 0 | I19: 0 | J19: =F19-I19 -> 0
A20: 2. | B20: Direct premiums written that are retained by agent | C20: 0 | D20: 0 | E20: 0 | F20: =SUM(C20:E20) -> 0
A21: 3. | B21: Direct premiums written that are remitted to underwriter | C21: =C19-C20 -> 0 | D21: =D19-D20 -> 0 | E21: =E19-E20 -> 0 | F21: =SUM(C21:E21) -> 0
A22: 4. | B22: Escrow and settlement service charges | C22: 0 | D22: 0 | E22: 0 | F22: =SUM(C22:E22) -> 0
A23: 5. | B23: Other title fees and service charges | C23: 0 | D23: 0 | E23: 0 | F23: =SUM(C23:E23) -> 0
A24: 6. | B24: Total Other Income | C24: =C22+C23 -> 0 | D24: =D22+D23 -> 0 | E24: =E22+E23 -> 0 | F24: =SUM(C24:E24) -> 0 | H24: 0 | I24: 0 | J24: =F24+H24-I24 -> 0
A25: 7. | B25: Total Revenue | C25: =C21+C24 -> 0 | D25: =D21+D24 -> 0 | E25: =E21+E24 -> 0 | F25: =SUM(C25:E25) -> 0
A27: For underwriters that charge rates below the promulgated rates: | I27: From Form 3 | J27: Difference
A28: 8. | B28: Direct premiums as if they had been written at promulgated rates | C28: 0 | D28: 0 | E28: 0 | F28: =SUM(C28:E28) -> 0 | I28: 0 | J28: =F28-I28 -> 0
A30: Part B: Corporate Expenses
A32: Line 1 as defined per NAIC Annual Statement, STATEMENT OF INCOME Exhibit.
A33: Lines 2 through 22 as defined per NAIC Annual Statement, EXPENSES Exhibit.
A35: All entries should show NEW MEXICO expenses only and should NOT show any expenses reported by a direct or affiliated operation on their Agent Statistical Reports.
A37: 1. | B37: Losses and loss adjustment expenses incurred | C37: 0 | D37: 0 | E37: 0 | F37: =SUM(C37:E37) -> 0
A38: 2. | B38: Total personnel costs | C38: 0 | D38: 0 | E38: 0 | F38: =SUM(C38:E38) -> 0
A39: 3. | B39: Total production services purchased outside | C39: 0 | D39: 0 | E39: 0 | F39: =SUM(C39:E39) -> 0
A40: 4. | B40: Advertising | C40: 0 | D40: 0 | E40: 0 | F40: =SUM(C40:E40) -> 0
A41: 5. | B41: Boards, bureaus and associations | C41: 0 | D41: 0 | E41: 0 | F41: =SUM(C41:E41) -> 0
A42: 6. | B42: Title plant rent and maintenance | C42: 0 | D42: 0 | E42: 0 | F42: =SUM(C42:E42) -> 0
A43: 7. | B43: Claim adjustment services | C43: 0 | D43: 0 | E43: 0 | F43: =SUM(C43:E43) -> 0
A44: 8. | B44: Amounts charged off, net of recoveries | C44: 0 | D44: 0 | E44: 0 | F44: =SUM(C44:E44) -> 0
A45: 9. | B45: Marketing and promotional expenses | C45: 0 | D45: 0 | E45: 0 | F45: =SUM(C45:E45) -> 0
A46: 10. | B46: Insurance | C46: 0 | D46: 0 | E46: 0 | F46: =SUM(C46:E46) -> 0
A47: 11. | B47: Directors' fees | C47: 0 | D47: 0 | E47: 0 | F47: =SUM(C47:E47) -> 0
A48: 12. | B48: Travel and travel items | C48: 0 | D48: 0 | E48: 0 | F48: =SUM(C48:E48) -> 0
... A58: 22. | B58: Aggregate write-ins for miscellaneous expenses | C58: 0 | D58: 0 | E58: 0 | F58: =SUM(C58:E58) -> 0
A59: 23. | B59: Total Corporate Expenses | C59: =SUM(C37:C58) -> 0 | D59: =SUM(D37:D58) -> 0 | E59: =SUM(E37:E58) -> 720 | F59: =SUM(F37:F58) -> 720
A61: Part C: Net Income
A62: 1. | B62: Income (Loss) | C62: =C25-C59 -> 0 | D62: =D25-D59 -> 0 | E62: =E25-E59 -> -720 | F62: =SUM(C62:E62) -> -720

Sheet North American Title Ins Co
A1: NEW MEXICO TITLE INSURANCE UNDERWRITERS STATISTICAL REPORT
A2: FORM 1: STATEMENT OF INCOME AND EXPENSES
A3: For Calendar Year Ending December 31, 2021
A4: NEW MEXICO EXPERIENCE ONLY
B5: Insurance Company: | C5: North American Title Insurance Company
B6: NAIC Code: | C6: 50130
D8: Yes | E8: No
C9: Do you have direct operations or affiliated agencies in New Mexico? | E9: X
C11: If you DO have direct operations or affiliated agencies in New Mexico,
B12: are the expenses that are reported by those direct operations or affiliated agencies on their Agent Statistical Reports also included on Part B below? | D12: Yes | E12: No
H14: Total Other | I14: NAIC
D15: Non-Affiliated | E15: Affiliated | H15: Income From | I15: Annual
C16: Direct | D16: Agency | E16: Agency | H16: Direct | I16: Statement
C17: Operations | D17: Operations | E17: Operations | F17: Total | H17: Operation ASR | I17: Schedule T | J17: Difference
A18: Part A: Revenue
A19: 1. | B19: Direct premiums written | C19: 0 | D19: 0 | E19: 0 | F19: =SUM(C19:E19) -> 0 | J19: =F19-I19 -> 0
A20: 2. | B20: Direct premiums written that are retained by agent | C20: 0 | D20: 0 | E20: 0 | F20: =SUM(C20:E20) -> 0
A21: 3. | B21: Direct premiums written that are remitted to underwriter | C21: =C19-C20 -> 0 | D21: =D19-D20 -> 0 | E21: =E19-E20 -> 0 | F21: =SUM(C21:E21) -> 0
A22: 4. | B22: Escrow and settlement service charges | F22: =SUM(C22:E22) -> 0
A23: 5. | B23: Other title fees and service charges | F23: =SUM(C23:E23) -> 0
A24: 6. | B24: Total Other Income | C24: =C22+C23 -> 0 | D24: =D22+D23 -> 0 | E24: =E22+E23 -> 0 | F24: =SUM(C24:E24) -> 0 | J24: =F24+H24-I24 -> 0
A25: 7. | B25: Total Revenue | C25: =C21+C24 -> 0 | D25: =D21+D24 -> 0 | E25: =E21+E24 -> 0 | F25: =SUM(C25:E25) -> 0
A27: For underwriters that charge rates below the promulgated rates: | I27: From Form 3 | J27: Difference
A28: 8. | B28: Direct premiums as if they had been written at promulgated rates | F28: =SUM(C28:E28) -> 0 | I28: 0 | J28: =F28-I28 -> 0
A30: Part B: Corporate Expenses
A32: Line 1 as defined per NAIC Annual Statement, STATEMENT OF INCOME Exhibit.
A33: Lines 2 through 22 as defined per NAIC Annual Statement, EXPENSES Exhibit.
A35: All entries should show NEW MEXICO expenses only and should NOT show any expenses reported by a direct or affiliated operation on their Agent Statistical Reports.
A37: 1. | B37: Losses and loss adjustment expenses incurred | C37: 0 | D37: 0 | E37: 0 | F37: =SUM(C37:E37) -> 0
A38: 2. | B38: Total personnel costs | C38: 0 | D38: 0 | E38: 0 | F38: =SUM(C38:E38) -> 0
A39: 3. | B39: Total production services purchased outside | C39: 0 | D39: 0 | E39: 0 | F39: =SUM(C39:E39) -> 0
A40: 4. | B40: Advertising | C40: 0 | D40: 0 | E40: 0 | F40: =SUM(C40:E40) -> 0
A41: 5. | B41: Boards, bureaus and associations | C41: 0 | D41: 0 | E41: 0 | F41: =SUM(C41:E41) -> 0
A42: 6. | B42: Title plant rent and maintenance | C42: 0 | D42: 0 | E42: 0 | F42: =SUM(C42:E42) -> 0
A43: 7. | B43: Claim adjustment services | C43: 0 | D43: 0 | E43: 0 | F43: =SUM(C43:E43) -> 0
A44: 8. | B44: Amounts charged off, net of recoveries | C44: 0 | D44: 0 | E44: 0 | F44: =SUM(C44:E44) -> 0
A45: 9. | B45: Marketing and promotional expenses | C45: 0 | D45: 0 | E45: 0 | F45: =SUM(C45:E45) -> 0
A46: 10. | B46: Insurance | C46: 0 | D46: 0 | E46: 0 | F46: =SUM(C46:E46) -> 0
A47: 11. | B47: Directors' fees | C47: 0 | D47: 0 | E47: 0 | F47: =SUM(C47:E47) -> 0
A48: 12. | B48: Travel and travel items | C48: 0 | D48: 0 | E48: 0 | F48: =SUM(C48:E48) -> 0
... A58: 22. | B58: Aggregate write-ins for miscellaneous expenses | C58: 0 | D58: 0 | E58: 0 | F58: =SUM(C58:E58) -> 0
A59: 23. | B59: Total Corporate Expenses | C59: =SUM(C37:C58) -> 1824 | D59: =SUM(D37:D58) -> 0 | E59: =SUM(E37:E58) -> 0 | F59: =SUM(F37:F58) -> 1824
A61: Part C: Net Income
A62: 1. | B62: Income (Loss) | C62: =C25-C59 -> -1824 | D62: =D25-D59 -> 0 | E62: =E25-E59 -> 0 | F62: =SUM(C62:E62) -> -1824

Sheet Old Republic National Title Ins
A1: NEW MEXICO TITLE INSURANCE UNDERWRITERS STATISTICAL REPORT
A2: FORM 1: STATEMENT OF INCOME AND EXPENSES
A3: For Calendar Year Ending December 31, 2021
A4: NEW MEXICO EXPERIENCE ONLY
B5: Insurance Company: | C5: Old Republic National Title Insurance Company
B6: NAIC Code: | C6: 50520
D8: Yes | E8: No
C9: Do you have direct operations or affiliated agencies in New Mexico? | D9: x
C11: If you DO have direct operations or affiliated agencies in New Mexico,
B12: are the expenses that are reported by those direct operations or affiliated agencies on their Agent Statistical Reports also included on Part B below? | D12: Yes | E12: No
E13: x
H14: Total Other | I14: NAIC
D15: Non-Affiliated | E15: Affiliated | H15: Income From | I15: Annual
C16: Direct | D16: Agency | E16: Agency | H16: Direct | I16: Statement
C17: Operations | D17: Operations | E17: Operations | F17: Total | H17: Operation ASR | I17: Schedule T | J17: Difference
A18: Part A: Revenue
A19: 1. | B19: Direct premiums written | C19: 14595642 | D19: 17580220 | E19: 0 | F19: =SUM(C19:E19) -> 32175862 | I19: 32175862 | J19: =F19-I19 -> 0
A20: 2. | B20: Direct premiums written that are retained by agent | C20: 11676514 | D20: 14064176 | E20: 0 | F20: =SUM(C20:E20) -> 25740690
A21: 3. | B21: Direct premiums written that are remitted to underwriter | C21: =C19-C20 -> 2919128 | D21: =D19-D20 -> 3516044 | E21: =E19-E20 -> 0 | F21: =SUM(C21:E21) -> 6435172
A22: 4. | B22: Escrow and settlement service charges | C22: 79580 | D22: 0 | E22: 0 | F22: =SUM(C22:E22) -> 79580
A23: 5. | B23: Other title fees and service charges | C23: 54299 | D23: 0 | E23: 0 | F23: =SUM(C23:E23) -> 54299
A24: 6. | B24: Total Other Income | C24: =C22+C23 -> 133879 | D24: =D22+D23 -> 0 | E24: =E22+E23 -> 0 | F24: =SUM(C24:E24) -> 133879 | H24: 6510035 | I24: 6804001 | J24: =F24+H24-I24 -> -160087
A25: 7. | B25: Total Revenue | C25: =C21+C24 -> 3053007 | D25: =D21+D24 -> 3516044 | E25: =E21+E24 -> 0 | F25: =SUM(C25:E25) -> 6569051
A27: For underwriters that charge rates below the promulgated rates: | I27: From Form 3 | J27: Difference
A28: 8. | B28: Direct premiums as if they had been written at promulgated rates | C28: 0 | D28: 0 | E28: 0 | F28: =SUM(C28:E28) -> 0 | I28: 0 | J28: =F28-I28 -> 0
A30: Part B: Corporate Expenses
A32: Line 1 as defined per NAIC Annual Statement, STATEMENT OF INCOME Exhibit.
A33: Lines 2 through 22 as defined per NAIC Annual Statement, EXPENSES Exhibit.
A35: All entries should show NEW MEXICO expenses only and should NOT show any expenses reported by a direct or affiliated operation on their Agent Statistical Reports.
A37: 1. | B37: Losses and loss adjustment expenses incurred | D37: 164472 | F37: =SUM(C37:E37) -> 164472
A38: 2. | B38: Total personnel costs | C38: 46896 | D38: 588598 | F38: =SUM(C38:E38) -> 635494
A39: 3. | B39: Total production services purchased outside | C39: 64011 | F39: =SUM(C39:E39) -> 64011
A40: 4. | B40: Advertising | F40: =SUM(C40:E40) -> 0
A41: 5. | B41: Boards, bureaus and associations | F41: =SUM(C41:E41) -> 0
A42: 6. | B42: Title plant rent and maintenance | F42: =SUM(C42:E42) -> 0
A43: 7. | B43: Claim adjustment services | F43: =SUM(C43:E43) -> 0
A44: 8. | B44: Amounts charged off, net of recoveries | F44: =SUM(C44:E44) -> 0
A45: 9. | B45: Marketing and promotional expenses | D45: 1381 | F45: =SUM(C45:E45) -> 1381
A46: 10. | B46: Insurance | D46: 6567 | F46: =SUM(C46:E46) -> 6567
A47: 11. | B47: Directors' fees | F47: =SUM(C47:E47) -> 0
A48: 12. | B48: Travel and travel items | D48: 7430 | F48: =SUM(C48:E48) -> 7430
A49: 13. | B49: Rent and rent items | D49: 54740 | F49: =SUM(C49:E49) -> 54740
A50: 14. | B50: Equipment | D50: 3430 | F50: =SUM(C50:E50) -> 3430
A51: 15. | B51: Cost or depreciation of EDP equipment and software | C51: 256 | F51: =SUM(C51:E51) -> 256
A52: 16. | B52: Printing, stationery, books and periodicals | D52: 4526 | F52: =SUM(C52:E52) -> 4526
A53: 17. | B53: Postage, telephone, messenger and express | C53: 4258 | D53: 3425 | F53: =SUM(C53:E53) -> 7683
A54: 18. | B54: Legal and auditing | F54: =SUM(C54:E54) -> 0
A55: 19. | B55: Total taxes, licenses and fees | D55: 669879 | F55: =SUM(C55:E55) -> 669879
A56: 20. | B56: Real estate expenses | F56: =SUM(C56:E56) -> 0
A57: 21. | B57: Real estate taxes | F57: =SUM(C57:E57) -> 0
A58: 22. | B58: Aggregate write-ins for miscellaneous expenses | C58: 12675 | D58: 380180 | F58: =SUM(C58:E58) -> 392855
A59: 23. | B59: Total Corporate Expenses | C59: =SUM(C37:C58) -> 128096 | D59: =SUM(D37:D58) -> 1884628 | E59: =SUM(E37:E58) -> 0 | F59: =SUM(F37:F58) -> 2012724
A61: Part C: Net Income
A62: 1. | B62: Income (Loss) | C62: =C25-C59 -> 2924911 | D62: =D25-D59 -> 1631416 | E62: =E25-E59 -> 0 | F62: =SUM(C62:E62) -> 4556327

Sheet Premier Land Title Insurance Co
A1: NEW MEXICO TITLE INSURANCE UNDERWRITERS STATISTICAL REPORT
A2: FORM 1: STATEMENT OF INCOME AND EXPENSES
A3: For Calendar Year Ending December 31, 2021
A4: NEW MEXICO EXPERIENCE ONLY
B5: Insurance Company: | C5: Premier Land Title Insurance Company
B6: NAIC Code: | C6: 50026
D8: Yes | E8: No
C9: Do you have direct operations or affiliated agencies in New Mexico? | D9: X
C11: If you DO have direct operations or affiliated agencies in New Mexico,
B12: are the expenses that are reported by those direct operations or affiliated agencies on their Agent Statistical Reports also included on Part B below? | D12: Yes | E12: No
E13: X
H14: Total Other | I14: NAIC
D15: Non-Affiliated | E15: Affiliated | H15: Income From | I15: Annual
C16: Direct | D16: Agency | E16: Agency | H16: Direct | I16: Statement
C17: Operations | D17: Operations | E17: Operations | F17: Total | H17: Operation ASR | I17: Schedule T | J17: Difference
A18: Part A: Revenue
A19: 1. | B19: Direct premiums written | C19: 0 | D19: 0 | E19: 846364.35 | F19: =SUM(C19:E19) -> 846364.35 | I19: 846364 | J19: =F19-I19 -> 0.35
A20: 2. | B20: Direct premiums written that are retained by agent | C20: 0 | D20: 0 | E20: 677091 | F20: =SUM(C20:E20) -> 677091
A21: 3. | B21: Direct premiums written that are remitted to underwriter | C21: =C19-C20 -> 0 | D21: =D19-D20 -> 0 | E21: =E19-E20 -> 169273.35 | F21: =SUM(C21:E21) -> 169273.35
A22: 4. | B22: Escrow and settlement service charges | C22: 0 | D22: 0 | E22: 0 | F22: =SUM(C22:E22) -> 0
A23: 5. | B23: Other title fees and service charges | C23: 0 | D23: 0 | E23: 0 | F23: =SUM(C23:E23) -> 0
A24: 6. | B24: Total Other Income | C24: =C22+C23 -> 0 | D24: =D22+D23 -> 0 | E24: =E22+E23 -> 0 | F24: =SUM(C24:E24) -> 0 | J24: =F24+H24-I24 -> 0
A25: 7. | B25: Total Revenue | C25: =C21+C24 -> 0 | D25: =D21+D24 -> 0 | E25: =E21+E24 -> 169273.35 | F25: =SUM(C25:E25) -> 169273.35
A27: For underwriters that charge rates below the promulgated rates: | I27: From Form 3 | J27: Difference
A28: 8. | B28: Direct premiums as if they had been written at promulgated rates | C28: 0 | D28: 0 | E28: 0 | F28: =SUM(C28:E28) -> 0 | I28: 0 | J28: =F28-I28 -> 0
A30: Part B: Corporate Expenses
A32: Line 1 as defined per NAIC Annual Statement, STATEMENT OF INCOME Exhibit.
A33: Lines 2 through 22 as defined per NAIC Annual Statement, EXPENSES Exhibit.
A35: All entries should show NEW MEXICO expenses only and should NOT show any expenses reported by a direct or affiliated operation on their Agent Statistical Reports.
A37: 1. | B37: Losses and loss adjustment expenses incurred | C37: 0 | D37: 0 | E37: 0 | F37: =SUM(C37:E37) -> 0
A38: 2. | B38: Total personnel costs | C38: 0 | D38: 0 | E38: 0 | F38: =SUM(C38:E38) -> 0
A39: 3. | B39: Total production services purchased outside | C39: 0 | D39: 0 | E39: 0 | F39: =SUM(C39:E39) -> 0
A40: 4. | B40: Advertising | C40: 0 | D40: 0 | E40: 0 | F40: =SUM(C40:E40) -> 0
A41: 5. | B41: Boards, bureaus and associations | C41: 0 | D41: 0 | E41: 0 | F41: =SUM(C41:E41) -> 0
A42: 6. | B42: Title plant rent and maintenance | C42: 0 | D42: 0 | E42: 0 | F42: =SUM(C42:E42) -> 0
A43: 7. | B43: Claim adjustment services | C43: 0 | D43: 0 | E43: 0 | F43: =SUM(C43:E43) -> 0
A44: 8. | B44: Amounts charged off, net of recoveries | C44: 0 | D44: 0 | E44: 0 | F44: =SUM(C44:E44) -> 0
A45: 9. | B45: Marketing and promotional expenses | C45: 0 | D45: 0 | E45: 0 | F45: =SUM(C45:E45) -> 0
A46: 10. | B46: Insurance | C46: 0 | D46: 0 | E46: 0 | F46: =SUM(C46:E46) -> 0
A47: 11. | B47: Directors' fees | C47: 0 | D47: 0 | E47: 0 | F47: =SUM(C47:E47) -> 0
A48: 12. | B48: Travel and travel items | C48: 0 | D48: 0 | E48: 0 | F48: =SUM(C48:E48) -> 0
... A58: 22. | B58: Aggregate write-ins for miscellaneous expenses | C58: 0 | D58: 0 | E58: 0 | F58: =SUM(C58:E58) -> 0
A59: 23. | B59: Total Corporate Expenses | C59: =SUM(C37:C58) -> 0 | D59: =SUM(D37:D58) -> 0 | E59: =SUM(E37:E58) -> 37103 | F59: =SUM(F37:F58) -> 37103
A61: Part C: Net Income
A62: 1. | B62: Income (Loss) | C62: =C25-C59 -> 0 | D62: =D25-D59 -> 0 | E62: =E25-E59 -> 132170.35 | F62: =SUM(C62:E62) -> 132170.35

Sheet Radian Title Insurance Inc.
A1: NEW MEXICO TITLE INSURANCE UNDERWRITERS STATISTICAL REPORT
A2: FORM 1: STATEMENT OF INCOME AND EXPENSES
A3: For Calendar Year Ending December 31, 2021
A4: NEW MEXICO EXPERIENCE ONLY
B5: Insurance Company: | C5: Radian Title Insurance Inc.
B6: NAIC Code: | C6: 51632
D8: Yes | E8: No
C9: Do you have direct operations or affiliated agencies in New Mexico? | E9: x
C11: If you DO have direct operations or affiliated agencies in New Mexico,
B12: are the expenses that are reported by those direct operations or affiliated agencies on their Agent Statistical Reports also included on Part B below? | D12: Yes | E12: No
H14: Total Other | I14: NAIC
D15: Non-Affiliated | E15: Affiliated | H15: Income From | I15: Annual
C16: Direct | D16: Agency | E16: Agency | H16: Direct | I16: Statement
C17: Operations | D17: Operations | E17: Operations | F17: Total | H17: Operation ASR | I17: Schedule T | J17: Difference
A18: Part A: Revenue
A19: 1. | B19: Direct premiums written | F19: =SUM(C19:E19) -> 0 | I19: 0 | J19: =F19-I19 -> 0
A20: 2. | B20: Direct premiums written that are retained by agent | F20: =SUM(C20:E20) -> 0
A21: 3. | B21: Direct premiums written that are remitted to underwriter | C21: =C19-C20 -> 0 | D21: =D19-D20 -> 0 | E21: =E19-E20 -> 0 | F21: =SUM(C21:E21) -> 0
A22: 4. | B22: Escrow and settlement service charges | F22: =SUM(C22:E22) -> 0
A23: 5. | B23: Other title fees and service charges | C23: 58 | F23: =SUM(C23:E23) -> 58
A24: 6. | B24: Total Other Income | C24: =C22+C23 -> 58 | D24: =D22+D23 -> 0 | E24: =E22+E23 -> 0 | F24: =SUM(C24:E24) -> 58 | H24: 0 | I24: 58 | J24: =F24+H24-I24 -> 0
A25: 7. | B25: Total Revenue | C25: =C21+C24 -> 58 | D25: =D21+D24 -> 0 | E25: =E21+E24 -> 0 | F25: =SUM(C25:E25) -> 58
A27: For underwriters that charge rates below the promulgated rates: | I27: From Form 3 | J27: Difference
A28: 8. | B28: Direct premiums as if they had been written at promulgated rates | F28: =SUM(C28:E28) -> 0 | I28: 0 | J28: =F28-I28 -> 0
A30: Part B: Corporate Expenses
A32: Line 1 as defined per NAIC Annual Statement, STATEMENT OF INCOME Exhibit.
A33: Lines 2 through 22 as defined per NAIC Annual Statement, EXPENSES Exhibit.
A35: All entries should show NEW MEXICO expenses only and should NOT show any expenses reported by a direct or affiliated operation on their Agent Statistical Reports.
A37: 1. | B37: Losses and loss adjustment expenses incurred | F37: =SUM(C37:E37) -> 0
A38: 2. | B38: Total personnel costs | F38: =SUM(C38:E38) -> 0
A39: 3. | B39: Total production services purchased outside | F39: =SUM(C39:E39) -> 0
A40: 4. | B40: Advertising | F40: =SUM(C40:E40) -> 0
A41: 5. | B41: Boards, bureaus and associations | F41: =SUM(C41:E41) -> 0
A42: 6. | B42: Title plant rent and maintenance | F42: =SUM(C42:E42) -> 0
A43: 7. | B43: Claim adjustment services | F43: =SUM(C43:E43) -> 0
A44: 8. | B44: Amounts charged off, net of recoveries | F44: =SUM(C44:E44) -> 0
A45: 9. | B45: Marketing and promotional expenses | F45: =SUM(C45:E45) -> 0
A46: 10. | B46: Insurance | F46: =SUM(C46:E46) -> 0
A47: 11. | B47: Directors' fees | F47: =SUM(C47:E47) -> 0
A48: 12. | B48: Travel and travel items | F48: =SUM(C48:E48) -> 0
... A54: 18. | B54: Legal and auditing | F54: =SUM(C54:E54) -> 0
A55: 19. | B55: Total taxes, licenses and fees | C55: 700 | F55: =SUM(C55:E55) -> 700
A56: 20. | B56: Real estate expenses | F56: =SUM(C56:E56) -> 0
A57: 21. | B57: Real estate taxes | F57: =SUM(C57:E57) -> 0
A58: 22. | B58: Aggregate write-ins for miscellaneous expenses | F58: =SUM(C58:E58) -> 0
A59: 23. | B59: Total Corporate Expenses | C59: =SUM(C37:C58) -> 700 | D59: =SUM(D37:D58) -> 0 | E59: =SUM(E37:E58) -> 0 | F59: =SUM(F37:F58) -> 700
A61: Part C: Net Income
A62: 1. | B62: Income (Loss) | C62: =C25-C59 -> -642 | D62: =D25-D59 -> 0 | E62: =E25-E59 -> 0 | F62: =SUM(C62:E62) -> -642

Sheet Stewart Title Guaranty Company
A1: NEW MEXICO TITLE INSURANCE UNDERWRITERS STATISTICAL REPORT
A2: FORM 1: STATEMENT OF INCOME AND EXPENSES
A3: For Calendar Year Ending December 31, 2021
A4: NEW MEXICO EXPERIENCE ONLY
B5: Insurance Company: | C5: Stewart Title Guaranty Company
B6: NAIC Code: | C6: 50121
D8: Yes | E8: No
C9: Do you have direct operations or affiliated agencies in New Mexico? | D9: X
C11: If you DO have direct operations or affiliated agencies in New Mexico,
B12: are the expenses that are reported by those direct operations or affiliated agencies on their Agent Statistical Reports also included on Part B below? | D12: Yes | E12: No
E13: X
H14: Total Other | I14: NAIC
D15: Non-Affiliated | E15: Affiliated | H15: Income From | I15: Annual
C16: Direct | D16: Agency | E16: Agency | H16: Direct | I16: Statement
C17: Operations | D17: Operations | E17: Operations | F17: Total | H17: Operation ASR | I17: Schedule T | J17: Difference
A18: Part A: Revenue
A19: 1. | B19: Direct premiums written | C19: 199780 | D19: 10219444 | E19: 14158821 | F19: =SUM(C19:E19) -> 24578045 | I19: 24578045 | J19: =F19-I19 -> 0
A20: 2. | B20: Direct premiums written that are retained by agent | C20: 159824 | D20: 6948254 | E20: 11077156 | F20: =SUM(C20:E20) -> 18185234
A21: 3. | B21: Direct premiums written that are remitted to underwriter | C21: =C19-C20 -> 39956 | D21: =D19-D20 -> 3271190 | E21: =E19-E20 -> 3081665 | F21: =SUM(C21:E21) -> 6392811
A22: 4. | B22: Escrow and settlement service charges | F22: =SUM(C22:E22) -> 0
A23: 5. | B23: Other title fees and service charges | C23: 558409 | F23: =SUM(C23:E23) -> 558409
A24: 6. | B24: Total Other Income | C24: =C22+C23 -> 558409 | D24: =D22+D23 -> 0 | E24: =E22+E23 -> 0 | F24: =SUM(C24:E24) -> 558409 | H24: 0 | I24: 558409 | J24: =F24+H24-I24 -> 0
A25: 7. | B25: Total Revenue | C25: =C21+C24 -> 598365 | D25: =D21+D24 -> 3271190 | E25: =E21+E24 -> 3081665 | F25: =SUM(C25:E25) -> 6951220
A27: For underwriters that charge rates below the promulgated rates: | I27: From Form 3 | J27: Difference
A28: 8. | B28: Direct premiums as if they had been written at promulgated rates | C28: 0 | D28: 0 | E28: 0 | F28: =SUM(C28:E28) -> 0 | I28: 0 | J28: =F28-I28 -> 0
A30: Part B: Corporate Expenses
A32: Line 1 as defined per NAIC Annual Statement, STATEMENT OF INCOME Exhibit.
A33: Lines 2 through 22 as defined per NAIC Annual Statement, EXPENSES Exhibit.
A35: All entries should show NEW MEXICO expenses only and should NOT show any expenses reported by a direct or affiliated operation on their Agent Statistical Reports.
A37: 1. | B37: Losses and loss adjustment expenses incurred | C37: 4200 | D37: 122013 | E37: 489937 | F37: =SUM(C37:E37) -> 616150
A38: 2. | B38: Total personnel costs | C38: 308558 | D38: 288253 | E38: 552593 | F38: =SUM(C38:E38) -> 1149404
A39: 3. | B39: Total production services purchased outside | C39: 155495 | F39: =SUM(C39:E39) -> 155495
A40: 4. | B40: Advertising | C40: 554 | D40: 2157 | E40: 1072 | F40: =SUM(C40:E40) -> 3783
A41: 5. | B41: Boards, bureaus and associations | C41: 958 | D41: 3732 | E41: 1855 | F41: =SUM(C41:E41) -> 6545
A42: 6. | B42: Title plant rent and maintenance | C42: 1257 | F42: =SUM(C42:E42) -> 1257
A43: 7. | B43: Claim adjustment services | F43: =SUM(C43:E43) -> 0
A44: 8. | B44: Amounts charged off, net of recoveries | D44: 18540 | F44: =SUM(C44:E44) -> 18540
A45: 9. | B45: Marketing and promotional expenses | C45: 2035 | D45: 7928 | E45: 3940 | F45: =SUM(C45:E45) -> 13903
A46: 10. | B46: Insurance | C46: 1905 | D46: 7422 | E46: 3689 | F46: =SUM(C46:E46) -> 13016
A47: 11. | B47: Directors' fees | F47: =SUM(C47:E47) -> 0
A48: 12. | B48: Travel and travel items | C48: 2421 | D48: 9433 | E48: 4689 | F48: =SUM(C48:E48) -> 16543
A49: 13. | B49: Rent and rent items | C49: 8792 | D49: 34251 | E49: 17025 | F49: =SUM(C49:E49) -> 60068
A50: 14. | B50: Equipment | C50: 1101 | D50: 4289 | E50: 2132 | F50: =SUM(C50:E50) -> 7522
A51: 15. | B51: Cost or depreciation of EDP equipment and software | C51: 15586 | D51: 60715 | E51: 30178 | F51: =SUM(C51:E51) -> 106479
A52: 16. | B52: Printing, stationery, books and periodicals | C52: 599 | D52: 2332 | E52: 1159 | F52: =SUM(C52:E52) -> 4090
A53: 17. | B53: Postage, telephone, messenger and express | C53: 1797 | D53: 6999 | E53: 3479 | F53: =SUM(C53:E53) -> 12275
A54: 18. | B54: Legal and auditing | C54: 21702 | D54: 84540 | E54: 42021 | F54: =SUM(C54:E54) -> 148263
A55: 19. | B55: Total taxes, licenses and fees | C55: 7821 | D55: 327172 | E55: 627204 | F55: =SUM(C55:E55) -> 962197
A56: 20. | B56: Real estate expenses | F56: =SUM(C56:E56) -> 0
A57: 21. | B57: Real estate taxes | F57: =SUM(C57:E57) -> 0
A58: 22. | B58: Aggregate write-ins for miscellaneous expenses | C58: 4219 | D58: 16436 | E58: 8170 | F58: =SUM(C58:E58) -> 28825
A59: 23. | B59: Total Corporate Expenses | C59: =SUM(C37:C58) -> 539000 | D59: =SUM(D37:D58) -> 996212 | E59: =SUM(E37:E58) -> 1789143 | F59: =SUM(F37:F58) -> 3324355
A61: Part C: Net Income
A62: 1. | B62: Income (Loss) | C62: =C25-C59 -> 59365 | D62: =D25-D59 -> 2274978 | E62: =E25-E59 -> 1292522 | F62: =SUM(C62:E62) -> 3626865

Sheet Title Resources Guaranty Co
A1: NEW MEXICO TITLE INSURANCE UNDERWRITERS STATISTICAL REPORT
A2: FORM 1: STATEMENT OF INCOME AND EXPENSES
A3: For Calendar Year Ending December 31, 2021
A4: NEW MEXICO EXPERIENCE ONLY
B5: Insurance Company: | C5: Title Resources Guaranty Company
B6: NAIC Code: | C6: 50016
D8: Yes | E8: No
C9: Do you have direct operations or affiliated agencies in New Mexico? | E9: X
C11: If you DO have direct operations or affiliated agencies in New Mexico,
B12: are the expenses that are reported by those direct operations or affiliated agencies on their Agent Statistical Reports also included on Part B below? | D12: Yes | E12: No
E13: X
H14: Total Other | I14: NAIC
D15: Non-Affiliated | E15: Affiliated | H15: Income From | I15: Annual
C16: Direct | D16: Agency | E16: Agency | H16: Direct | I16: Statement
C17: Operations | D17: Operations | E17: Operations | F17: Total | H17: Operation ASR | I17: Schedule T | J17: Difference
A18: Part A: Revenue
A19: 1. | B19: Direct premiums written | D19: 194203 | F19: =SUM(C19:E19) -> 194203 | I19: 194203 | J19: =F19-I19 -> 0
A20: 2. | B20: Direct premiums written that are retained by agent | D20: 155362.4 | F20: =SUM(C20:E20) -> 155362.4
A21: 3. | B21: Direct premiums written that are remitted to underwriter | C21: =C19-C20 -> 0 | D21: =D19-D20 -> 38840.6 | E21: =E19-E20 -> 0 | F21: =SUM(C21:E21) -> 38840.6
A22: 4. | B22: Escrow and settlement service charges | C22: 0 | D22: 0 | E22: 0 | F22: =SUM(C22:E22) -> 0
A23: 5. | B23: Other title fees and service charges | C23: 0 | D23: 0 | E23: 0 | F23: =SUM(C23:E23) -> 0
A24: 6. | B24: Total Other Income | C24: =C22+C23 -> 0 | D24: =D22+D23 -> 0 | E24: =E22+E23 -> 0 | F24: =SUM(C24:E24) -> 0 | H24: 0 | I24: 0 | J24: =F24+H24-I24 -> 0
A25: 7. | B25: Total Revenue | C25: =C21+C24 -> 0 | D25: =D21+D24 -> 38840.6 | E25: =E21+E24 -> 0 | F25: =SUM(C25:E25) -> 38840.6
A27: For underwriters that charge rates below the promulgated rates: | I27: From Form 3 | J27: Difference
A28: 8. | B28: Direct premiums as if they had been written at promulgated rates | C28: 0 | D28: 0 | E28: 0 | F28: =SUM(C28:E28) -> 0 | I28: 0 | J28: =F28-I28 -> 0
A30: Part B: Corporate Expenses
A32: Line 1 as defined per NAIC Annual Statement, STATEMENT OF INCOME Exhibit.
A33: Lines 2 through 22 as defined per NAIC Annual Statement, EXPENSES Exhibit.
A35: All entries should show NEW MEXICO expenses only and should NOT show any expenses reported by a direct or affiliated operation on their Agent Statistical Reports.
A37: 1. | B37: Losses and loss adjustment expenses incurred | C37: 0 | D37: 0 | E37: 0 | F37: =SUM(C37:E37) -> 0
A38: 2. | B38: Total personnel costs | C38: 0 | D38: 7574 | E38: 0 | F38: =SUM(C38:E38) -> 7574
A39: 3. | B39: Total production services purchased outside | C39: 0 | D39: 0 | E39: 0 | F39: =SUM(C39:E39) -> 0
A40: 4. | B40: Advertising | C40: 0 | D40: 0 | E40: 0 | F40: =SUM(C40:E40) -> 0
A41: 5. | B41: Boards, bureaus and associations | C41: 0 | D41: 3044 | E41: 0 | F41: =SUM(C41:E41) -> 3044
A42: 6. | B42: Title plant rent and maintenance | C42: 0 | D42: 0 | E42: 0 | F42: =SUM(C42:E42) -> 0
A43: 7. | B43: Claim adjustment services | C43: 0 | D43: 0 | E43: 0 | F43: =SUM(C43:E43) -> 0
A44: 8. | B44: Amounts charged off, net of recoveries | C44: 0 | D44: 0 | E44: 0 | F44: =SUM(C44:E44) -> 0
A45: 9. | B45: Marketing and promotional expenses | C45: 0 | D45: 233 | E45: 0 | F45: =SUM(C45:E45) -> 233
A46: 10. | B46: Insurance | C46: 0 | D46: 0 | E46: 0 | F46: =SUM(C46:E46) -> 0
A47: 11. | B47: Directors' fees | C47: 0 | D47: 0 | E47: 0 | F47: =SUM(C47:E47) -> 0
A48: 12. | B48: Travel and travel items | C48: 0 | D48: 112 | E48: 0 | F48: =SUM(C48:E48) -> 112
... A58: 22. | B58: Aggregate write-ins for miscellaneous expenses | C58: 0 | D58: 2317 | E58: 0 | F58: =SUM(C58:E58) -> 2317
A59: 23. | B59: Total Corporate Expenses | C59: =SUM(C37:C58) -> 0 | D59: =SUM(D37:D58) -> 28546 | E59: =SUM(E37:E58) -> 0 | F59: =SUM(F37:F58) -> 28546
A61: Part C: Net Income
A62: 1. | B62: Income (Loss) | C62: =C25-C59 -> 0 | D62: =D25-D59 -> 10294.6 | E62: =E25-E59 -> 0 | F62: =SUM(C62:E62) -> 10294.6

Sheet Westcor Land Title Insurance Co
A1: NEW MEXICO TITLE INSURANCE UNDERWRITERS STATISTICAL REPORT
A2: FORM 1: STATEMENT OF INCOME AND EXPENSES
A3: For Calendar Year Ending December 31, 2021
A4: NEW MEXICO EXPERIENCE ONLY
B5: Insurance Company: | C5: Westcor Land Title Insurance Company
B6: NAIC Code: | C6: 50050
D8: Yes | E8: No
C9: Do you have direct operations or affiliated agencies in New Mexico? | E9: X
C11: If you DO have direct operations or affiliated agencies in New Mexico,
B12: are the expenses that are reported by those direct operations or affiliated agencies on their Agent Statistical Reports also included on Part B below? | D12: Yes | E12: No
E13: X
H14: Total Other | I14: NAIC
D15: Non-Affiliated | E15: Affiliated | H15: Income From | I15: Annual
C16: Direct | D16: Agency | E16: Agency | H16: Direct | I16: Statement
C17: Operations | D17: Operations | E17: Operations | F17: Total | H17: Operation ASR | I17: Schedule T | J17: Difference
A18: Part A: Revenue
A19: 1. | B19: Direct premiums written | C19: 0 | D19: 481966 | E19: 0 | F19: =SUM(C19:E19) -> 481966 | I19: 481966 | J19: =F19-I19 -> 0
A20: 2. | B20: Direct premiums written that are retained by agent | C20: 0 | D20: 370519.83 | E20: 0 | F20: =SUM(C20:E20) -> 370519.83
A21: 3. | B21: Direct premiums written that are remitted to underwriter | C21: =C19-C20 -> 0 | D21: =D19-D20 -> 111446.17 | E21: =E19-E20 -> 0 | F21: =SUM(C21:E21) -> 111446.17
A22: 4. | B22: Escrow and settlement service charges | C22: 0 | D22: 0 | E22: 0 | F22: =SUM(C22:E22) -> 0
A23: 5. | B23: Other title fees and service charges | C23: 0 | D23: 450 | E23: 0 | F23: =SUM(C23:E23) -> 450
A24: 6. | B24: Total Other Income | C24: =C22+C23 -> 0 | D24: =D22+D23 -> 450 | E24: =E22+E23 -> 0 | F24: =SUM(C24:E24) -> 450 | I24: 450 | J24: =F24+H24-I24 -> 0
A25: 7. | B25: Total Revenue | C25: =C21+C24 -> 0 | D25: =D21+D24 -> 111896.17 | E25: =E21+E24 -> 0 | F25: =SUM(C25:E25) -> 111896.17
A27: For underwriters that charge rates below the promulgated rates: | I27: From Form 3 | J27: Difference
A28: 8. | B28: Direct premiums as if they had been written at promulgated rates | C28: 0 | D28: 0 | E28: 0 | F28: =SUM(C28:E28) -> 0 | I28: 0 | J28: =F28-I28 -> 0
A30: Part B: Corporate Expenses
A32: Line 1 as defined per NAIC Annual Statement, STATEMENT OF INCOME Exhibit.
A33: Lines 2 through 22 as defined per NAIC Annual Statement, EXPENSES Exhibit.
A35: All entries should show NEW MEXICO expenses only and should NOT show any expenses reported by a direct or affiliated operation on their Agent Statistical Reports.
A37: 1. | B37: Losses and loss adjustment expenses incurred | C37: 0 | D37: 40228.385 | E37: 0 | F37: =SUM(C37:E37) -> 40228.385
A38: 2. | B38: Total personnel costs | C38: 0 | D38: 18089.256 | E38: 0 | F38: =SUM(C38:E38) -> 18089.256
A39: 3. | B39: Total production services purchased outside | C39: 0 | D39: 13663.55 | E39: 0 | F39: =SUM(C39:E39) -> 13663.55
A40: 4. | B40: Advertising | C40: 0 | D40: 1.7870639 | E40: 0 | F40: =SUM(C40:E40) -> 1.7870639
A41: 5. | B41: Boards, bureaus and associations | C41: 0 | D41: 208.57417 | E41: 0 | F41: =SUM(C41:E41) -> 208.57417
A42: 6. | B42: Title plant rent and maintenance | C42: 0 | D42: 0 | E42: 0 | F42: =SUM(C42:E42) -> 0
A43: 7. | B43: Claim adjustment services | C43: 0 | D43: 0 | E43: 0 | F43: =SUM(C43:E43) -> 0
A44: 8. | B44: Amounts charged off, net of recoveries | C44: 0 | D44: 445.04081 | E44: 0 | F44: =SUM(C44:E44) -> 445.04081
A45: 9. | B45: Marketing and promotional expenses | C45: 0 | D45: 580.82365 | E45: 0 | F45: =SUM(C45:E45) -> 580.82365
A46: 10. | B46: Insurance | C46: 0 | D46: 254.46688 | E46: 0 | F46: =SUM(C46:E46) -> 254.46688
A47: 11. | B47: Directors' fees | C47: 0 | D47: 0 | E47: 0 | F47: =SUM(C47:E47) -> 0
A48: 12. | B48: Travel and travel items | C48: 0 | D48: 263.5675 | E48: 0 | F48: =SUM(C48:E48) -> 263.5675
... A58: 22. | B58: Aggregate write-ins for miscellaneous expenses | C58: 0 | D58: 161.86785 | E58: 0 | F58: =SUM(C58:E58) -> 161.86785
A59: 23. | B59: Total Corporate Expenses | C59: =SUM(C37:C58) -> 0 | D59: =SUM(D37:D58) -> 110182.52 | E59: =SUM(E37:E58) -> 0 | F59: =SUM(F37:F58) -> 110182.52
A61: Part C: Net Income
A62: 1. | B62: Income (Loss) | C62: =C25-C59 -> 0 | D62: =D25-D59 -> 1713.6525 | E62: =E25-E59 -> 0 | F62: =SUM(C62:E62) -> 1713.6525

Sheet WFG National Title Insurance Co
A1: NEW MEXICO TITLE INSURANCE UNDERWRITERS STATISTICAL REPORT
A2: FORM 1: STATEMENT OF INCOME AND EXPENSES
A3: For Calendar Year Ending December 31, 2021
A4: NEW MEXICO EXPERIENCE ONLY
B5: Insurance Company: | C5: WFG National Title Insurance Co
B6: NAIC Code: | C6: 51152
D8: Yes | E8: No
C9: Do you have direct operations or affiliated agencies in New Mexico? | D9: X
C11: If you DO have direct operations or affiliated agencies in New Mexico,
B12: are the expenses that are reported by those direct operations or affiliated agencies on their Agent Statistical Reports also included on Part B below? | D12: Yes | E12: No
E13: X
H14: Total Other | I14: NAIC
D15: Non-Affiliated | E15: Affiliated | H15: Income From | I15: Annual
C16: Direct | D16: Agency | E16: Agency | H16: Direct | I16: Statement
C17: Operations | D17: Operations | E17: Operations | F17: Total | H17: Operation ASR | I17: Schedule T | J17: Difference
A18: Part A: Revenue
A19: 1. | B19: Direct premiums written | C19: 0 | D19: 4983639 | F19: =SUM(C19:E19) -> 4983639 | I19: 4983639 | J19: =F19-I19 -> 0
A20: 2. | B20: Direct premiums written that are retained by agent | C20: 0 | D20: 3980777 | F20: =SUM(C20:E20) -> 3980777
A21: 3. | B21: Direct premiums written that are remitted to underwriter | C21: =C19-C20 -> 0 | D21: =D19-D20 -> 1002862 | E21: =E19-E20 -> 0 | F21: =SUM(C21:E21) -> 1002862
A22: 4. | B22: Escrow and settlement service charges | C22: 0 | D22: 0 | F22: =SUM(C22:E22) -> 0
A23: 5. | B23: Other title fees and service charges | C23: 158022 | D23: 0 | F23: =SUM(C23:E23) -> 158022
A24: 6. | B24: Total Other Income | C24: =C22+C23 -> 158022 | D24: =D22+D23 -> 0 | E24: =E22+E23 -> 0 | F24: =SUM(C24:E24) -> 158022 | I24: 158022 | J24: =F24+H24-I24 -> 0
A25: 7. | B25: Total Revenue | C25: =C21+C24 -> 158022 | D25: =D21+D24 -> 1002862 | E25: =E21+E24 -> 0 | F25: =SUM(C25:E25) -> 1160884
A27: For underwriters that charge rates below the promulgated rates: | I27: From Form 3 | J27: Difference
A28: 8. | B28: Direct premiums as if they had been written at promulgated rates | F28: =SUM(C28:E28) -> 0 | I28: 0 | J28: =F28-I28 -> 0
A30: Part B: Corporate Expenses
A32: Line 1 as defined per NAIC Annual Statement, STATEMENT OF INCOME Exhibit.
A33: Lines 2 through 22 as defined per NAIC Annual Statement, EXPENSES Exhibit.
A35: All entries should show NEW MEXICO expenses only and should NOT show any expenses reported by a direct or affiliated operation on their Agent Statistical Reports.
A37: 1. | B37: Losses and loss adjustment expenses incurred | D37: 234699 | F37: =SUM(C37:E37) -> 234699
A38: 2. | B38: Total personnel costs | C38: 68671 | D38: 320224 | F38: =SUM(C38:E38) -> 388895
A39: 3. | B39: Total production services purchased outside | C39: 23821 | D39: 5810 | F39: =SUM(C39:E39) -> 29631
A40: 4. | B40: Advertising | C40: 130 | D40: 115 | F40: =SUM(C40:E40) -> 245
A41: 5. | B41: Boards, bureaus and associations | C41: 51 | D41: 2793 | F41: =SUM(C41:E41) -> 2844
A42: 6. | B42: Title plant rent and maintenance | C42: 8084 | D42: 4915 | F42: =SUM(C42:E42) -> 12999
A43: 7. | B43: Claim adjustment services | F43: =SUM(C43:E43) -> 0
A44: 8. | B44: Amounts charged off, net of recoveries | C44: 654 | D44: 10924 | F44: =SUM(C44:E44) -> 11578
A45: 9. | B45: Marketing and promotional expenses | C45: 964 | D45: 3961 | F45: =SUM(C45:E45) -> 4925
A46: 10. | B46: Insurance | C46: 5 | D46: 3707 | F46: =SUM(C46:E46) -> 3712
A47: 11. | B47: Directors' fees | F47: =SUM(C47:E47) -> 0
A48: 12. | B48: Travel and travel items | C48: 1047 | D48: 7857 | F48: =SUM(C48:E48) -> 8904
A49: 13. | B49: Rent and rent items | C49: 5087 | D49: 8024 | F49: =SUM(C49:E49) -> 13111
A50: 14. | B50: Equipment | C50: 697 | D50: 852 | F50: =SUM(C50:E50) -> 1549
A51: 15. | B51: Cost or depreciation of EDP equipment and software | C51: 2517 | D51: 38201 | F51: =SUM(C51:E51) -> 40718
A52: 16. | B52: Printing, stationery, books and periodicals | C52: 548 | D52: 767 | F52: =SUM(C52:E52) -> 1315
A53: 17. | B53: Postage, telephone, messenger and express | C53: 2892 | D53: 2114 | F53: =SUM(C53:E53) -> 5006
A54: 18. | B54: Legal and auditing | C54: 233 | D54: 5155 | F54: =SUM(C54:E54) -> 5388
A55: 19. | B55: Total taxes, licenses and fees | C55: 205 | D55: 195808 | F55: =SUM(C55:E55) -> 196013
A56: 20. | B56: Real estate expenses | F56: =SUM(C56:E56) -> 0
A57: 21. | B57: Real estate taxes | F57: =SUM(C57:E57) -> 0
A58: 22. | B58: Aggregate write-ins for miscellaneous expenses | C58: -33 | D58: 17175 | F58: =SUM(C58:E58) -> 17142
A59: 23. | B59: Total Corporate Expenses | C59: =SUM(C37:C58) -> 115573 | D59: =SUM(D37:D58) -> 863101 | E59: =SUM(E37:E58) -> 0 | F59: =SUM(F37:F58) -> 978674
A61: Part C: Net Income
A62: 1. | B62: Income (Loss) | C62: =C25-C59 -> 42449 | D62: =D25-D59 -> 139761 | E62: =E25-E59 -> 0 | F62: =SUM(C62:E62) -> 182210
